Workbook

Sheet 1
D2: Всего за период с | G2: 41275 | I2: по | J2: 41305 | M2: =IF(Одноименность!H5<>0,"НАРУШЕН ЛИМИТ!!!","-") -> -
D3: заключено | F3: =I5+I9+I10+I11 -> 2 | G3: договоров на сумму | J3: =L5+L9+L10+L11 -> 550000 | X3: =Одноименность!H5 -> 0
D4: из них по результатам процедур:
D5: закупки у единственного поставщика, подрядчика, исполнителя | I5: =SUM(I7:I8) -> 2 | J5: на сумму | L5: =SUM(L7:L8) -> 550000 | N5: =IF(M5<>0,L5-M5,0) -> 0 | O5: расторгнуто договоров | P5: =N12+[1]Договоры!$Y$3 -> 0 | S5: =O12 -> 0
D6: из них | O6: изменено договоров | P6: =P12 -> 0 | S6: =Q12 -> 0
E7: В соответствии с пп.1 и пп.2, пп. 2.1 п. 8.8.2 Положения (ест.монополии, ресурсоснабжение, аренда) | I7: =W12 -> 1 | J7: на сумму | L7: =X12 -> 200000
E8: В соответсвии с пп.7 п. 8.8.2 (малые закупки) | I8: =U12 -> 1 | J8: на сумму | L8: =V12 -> 350000
D9: запросов цен | I9: =Y12 -> 0 | J9: на сумму | L9: =Z12 -> 0
D10: конкурсов | I10: =AA12 -> 0 | J10: на сумму | L10: =AB12 -> 0
D11: аукционов | I11: =AC12 -> 0 | J11: на сумму | L11: =AD12 -> 0 | M11: =M12-L12 -> 2620568.8
A12: =SUM(A16:A2901) -> 2 | L12: =SUM(L16:L32001) -> 550000 | M12: =L12+[1]Договоры!$P$3-[1]Договоры!$P$18 -> 3170568.8 | N12: =SUM(N16:N32001) -> 0 | O12: =SUM(O16:O32001) -> 0 | P12: =SUM(P16:P32001) -> 0 | Q12: =SUM(Q16:Q32001) -> 0 | R12: =SUM(R16:R32001) -> 0 | S12: =SUM(S16:S32001) -> 0 | U12: =SUM(U16:U2105) -> 1 | V12: =SUM(V16:V2105) -> 350000 | W12: =SUM(W16:W2105) -> 1 | X12: =SUM(X16:X2105) -> 200000 | Y12: =SUM(Y16:Y2105) -> 0 | Z12: =SUM(Z16:Z2105) -> 0 | AA12: =SUM(AA16:AA2105) -> 0 | AB12: =SUM(AB16:AB2105) -> 0 | ... AE12: =SUM(AE16:AE2105) -> 350000 | AF12: =SUM(AF16:AF15305) -> 350000 | AG12: =SUM(AG16:AG15305) -> 0 | AH12: =SUM(AH16:AH15305) -> 0 | AI12: =SUM(AI16:AI15305) -> 0 | AJ12: =SUM(AJ16:AJ15305) -> 0 | AK12: =SUM(AK16:AK15305) -> 0 | AL12: =SUM(AL16:AL15305) -> 0 | AM12: =SUM(AM16:AM15305) -> 0 | ... CD12: =SUM(CD16:CD15305) -> 0
A13: Счетчик закупок | C13: субсидия | D13: Вид закупки | E13: Дата, номер извещения о закупке | F13: ЯНВАРЬ (дата регистрации обязательства) | G13: Дата договора / Авансового отчета | H13: Номер договора / авансового отчета | I13: Исполнитель | J13: Предмет договора (ЗАКУПАЕМЫЕ ТОВАРЫ, РАБОТЫ, УСЛУГИ) | K13: ОКПД | L13: Сумма | M13: Основание заключения договора указанным способом закупки | N13: Договор расторгнут | O13: Сумма расторгнутых | P13: Кол-во измененных | R13: Подано заявок на участие | S13: Начальная цена | T13: Группа одноименности в соотв. С приказом Минфина №601 (для упрощения контроля одноименности) | U13: ЕП (малые закупки) | W13: М | Y13: ЗЦ | AA13: К | AC13: А
Q14: Изменение суммы | AF14: Бензин и дизельное топливо | AG14: Организация спортмероприятий | AH14: Услуги по ремонту транспортных средств | AI14: Канцелярские товары, канц.принадлежности бумажные | AJ14: Услуги по канализации, удалению отходов, сан. Обработке и аналогичные услуги | AK14: Производственное и промышленное оборудование | AL14: Препараты и средства медицинские прочие | AM14: Металлы и изделия из металла, а также услуги по их производству | AN14: Хим.вещества, хим.продукты и хим.волокна, а также услуги по их производству | AO14: Полимерные изделия и услуги по их производству | AP14: Товары спротивные | AQ14: Услуги в области коммерческой и технической деятельности прочие, не включенные в другие группировки | AR14: Услуги по аренде машин и оборудования | AS14: Услуги по розничной торговле | AT14: Услуги в области кино, радиовещания, телевидения, театра и видах искусства прочих | AU14: Услуги в области образования прочие | AV14: Продукция растениеводства | AW14: Мыло и моющие ср-ва, чистящие и полирующие препараты, косметические средства | AX14: Текстильные изделия и услуги по их производству | AY14: Целлюлоза, бумага и изделия из бумаги, услуги | AZ14: Услуги по аренде предметов личного пользования | BA14: Услуги ресторанов | BB14: Хозяйственно-бытовые товары | BC14: Бытовая техника. Офисная техника и электроника | BD14: Печатная продукция | BE14: Услуги электросвязи | BF14: Резиновые изделия и услуги по их производству | BG14: Услуги в сфере обеспечения безопасности | BH14: Нефть и услуги, связанные с добычей нефти, продукты нефтепереработки | BI14: Полиграфические услуги | BJ14: Строительные материалы и стоительные смеси | BK14: Электрооборудование | BL14: Осветительное оборудование | BM14: Услуги по ремонту бытовых товаров и предметов личного пользования | BN14: Услуги в области рекламы | BO14: Юридические услуги и услуги в бласти коммерческой деятельности | BP14: Услуги транспорта | BQ14: Жилищно-коммунальные услуги | BR14: Автотранспорт, автозапчасти и аксессуары | BS14: Услуги, связанные с деятельностью по использованию компьютеров | BT14: Мебель и услуги в производстве мебели | BU14: Услуги гостиниц и обслуживания | BV14: Работы по строительству, реконструкции, кап.ремонту | BW14: Системные и прикладные программные средства | BX14: Одежда и услуги по производству | BY14: Стекло | BZ14: Емкости и резервуары из металла | CA14: Средства измерений | CB14: Услуги по финансовомупосредничеству
AF15: 45 | AG15: 218 | AH15: 115 | AI15: 40 | AJ15: 213 | AK15: 121 | AL15: 102 | AM15: 118 | AN15: 48 | AO15: 108 | AP15: 165 | AQ15: 203 | AR15: 190 | AS15: 177 | AT15: 216 | AU15: 210 | AV15: 9 | AW15: 105 | AX15: 32 | AY15: 39 | AZ15: 191 | BA15: 179 | BB15: 168 | BC15: 126 | BD15: 41 | BE15: 185 | BF15: 107 | BG15: 204 | BH15: 15 | BI15: 42 | BJ15: 113 | BK15: 129 | BL15: 130 | BM15: 116 | BN15: 202 | BO15: 199 | BP15: 180 | BQ15: 220 | BR15: 155 | BS15: 192 | BT15: 162 | BU15: 178 | BV15: 221 | BW15: 196 | BX15: 33 | BY15: 109 | BZ15: 119 | CA15: 154 | CB15: 186
A16: 1 | B16: =IF(D16="ЕП",IF((AE16=0),1,0),0) -> 0 | D16: М | E16: №31300092045 от 09.01.2013 | F16: 41269 | G16: 41275 | H16: 2006335 | I16: ОАО "Ростелеком" | J16: Услуги связи | K16: 6420000 | L16: 200000 | M16: пп.1 п.8.8.2. части 8.8. | U16: =IF(D16="ЕП",1,0) -> 0 | V16: =IF(D16="ЕП",L16,0) -> 0 | W16: =IF(D16="М",1,0) -> 1 | X16: =IF(D16="М",L16,0) -> 200000 | Y16: =IF(D16="ЗЦ",1,0) -> 0 | Z16: =IF(D16="ЗЦ",L16,0) -> 0 | AA16: =IF(D16="К",1,0) -> 0 | AB16: =IF(D16="К",L16,0) -> 0 | AC16: =IF(D16="А",1,0) -> 0 | AD16: =IF(D16="А",L16,0) -> 0 | AE16: =SUM(AF16:DD16) -> 0 | AF16: =IF(AND(M16="пп.7 п.8.8.2. части 8.8.",T16=$AF$15),L16,0) -> 0
A17: 1 | B17: =IF(D17="ЕП",IF((AE17=0),1,0),0) -> 0 | D17: ЕП | E17: №31300092023 от 09.01.2013 | F17: 41269 | G17: 41275 | H17: 5810413/0075Д | I17: ООО "РН-Карт-Томск" | J17: ГСМ (бензин) | K17: 2320210 | L17: 350000 | M17: =IF(D17="ЕП","пп.7 п.8.8.2. части 8.8.","-") -> пп.7 п.8.8.2. части 8.8. | T17: 45 | U17: =IF(D17="ЕП",1,0) -> 1 | V17: =IF(D17="ЕП",L17,0) -> 350000 | W17: =IF(D17="М",1,0) -> 0 | X17: =IF(D17="М",L17,0) -> 0 | Y17: =IF(D17="ЗЦ",1,0) -> 0 | Z17: =IF(D17="ЗЦ",L17,0) -> 0 | AA17: =IF(D17="К",1,0) -> 0 | AB17: =IF(D17="К",L17,0) -> 0 | AC17: =IF(D17="А",1,0) -> 0 | AD17: =IF(D17="А",L17,0) -> 0 | AE17: =SUM(AF17:DD17) -> 350000 | AF17: =IF(AND(M17="пп.7 п.8.8.2. части 8.8.",T17=$AF$15),L17,0) -> 350000 | AG17: =IF(AND(M17="пп.7 п.8.8.2. части 8.8.",T17=$AG$15),L17,0) -> 0 | AH17: =IF(AND(M17="пп.7 п.8.8.2. части 8.8.",T17=$AH$15),L17,0) -> 0 | AI17: =IF(AND(M17="пп.7 п.8.8.2. части 8.8.",T17=$AI$15),L17,0) -> 0 | AJ17: =IF(AND(M17="пп.7 п.8.8.2. части 8.8.",T17=$AJ$15),L17,0) -> 0 | AK17: =IF(AND(M17="пп.7 п.8.8.2. части 8.8.",T17=$AK$15),L17,0) -> 0 | AL17: =IF(AND(M17="пп.7 п.8.8.2. части 8.8.",T17=$AL$15),L17,0) -> 0 | AM17: =IF(AND(M17="пп.7 п.8.8.2. части 8.8.",T17=$AM$15),L17,0) -> 0 | AN17: =IF(AND(M17="пп.7 п.8.8.2. части 8.8.",T17=$AN$15),L17,0) -> 0 | AO17: =IF(AND(M17="пп.7 п.8.8.2. части 8.8.",T17=$AO$15),L17,0) -> 0 | AP17: =IF(AND(M17="пп.7 п.8.8.2. части 8.8.",T17=$AP$15),L17,0) -> 0 | AQ17: =IF(AND(M17="пп.7 п.8.8.2. части 8.8.",T17=$AQ$15),L17,0) -> 0 | AR17: =IF(AND(M17="пп.7 п.8.8.2. части 8.8.",T17=$AR$15),L17,0) -> 0 | AS17: =IF(AND(M17="пп.7 п.8.8.2. части 8.8.",T17=$AS$15),L17,0) -> 0 | AT17: =IF(AND(M17="пп.7 п.8.8.2. части 8.8.",T17=$AT$15),L17,0) -> 0 | AU17: =IF(AND(M17="пп.7 п.8.8.2. части 8.8.",T17=$AU$15),L17,0) -> 0 | AV17: =IF(AND(M17="пп.7 п.8.8.2. части 8.8.",T17=$AV$15),L17,0) -> 0 | AW17: =IF(AND(M17="пп.7 п.8.8.2. части 8.8.",T17=$AW$15),L17,0) -> 0 | AX17: =IF(AND(M17="пп.7 п.8.8.2. части 8.8.",T17=$AX$15),L17,0) -> 0 | AY17: =IF(AND(M17="пп.7 п.8.8.2. части 8.8.",T17=$AY$15),L17,0) -> 0 | AZ17: =IF(AND(M17="пп.7 п.8.8.2. части 8.8.",T17=$AZ$15),L17,0) -> 0 | BA17: =IF(AND(M17="пп.7 п.8.8.2. части 8.8.",T17=$BA$15),L17,0) -> 0 | BB17: =IF(AND(M17="пп.7 п.8.8.2. части 8.8.",T17=$BB$15),L17,0) -> 0 | BC17: =IF(AND(M17="пп.7 п.8.8.2. части 8.8.",T17=$BC$15),L17,0) -> 0 | BD17: =IF(AND(M17="пп.7 п.8.8.2. части 8.8.",T17=$BD$15),L17,0) -> 0 | BE17: =IF(AND(M17="пп.7 п.8.8.2. части 8.8.",T17=$BE$15),L17,0) -> 0 | BF17: =IF(AND(M17="пп.7 п.8.8.2. части 8.8.",T17=$BF$15),L17,0) -> 0 | BG17: =IF(AND(M17="пп.7 п.8.8.2. части 8.8.",T17=$BG$15),L17,0) -> 0 | BH17: =IF(AND(M17="пп.7 п.8.8.2. части 8.8.",T17=$BH$15),L17,0) -> 0 | BI17: =IF(AND(M17="пп.7 п.8.8.2. части 8.8.",T17=$BI$15),L17,0) -> 0 | BJ17: =IF(AND(M17="пп.7 п.8.8.2. части 8.8.",T17=$BJ$15),L17,0) -> 0 | BK17: =IF(AND(M17="пп.7 п.8.8.2. части 8.8.",T17=$BK$15),L17,0) -> 0 | BL17: =IF(AND(M17="пп.7 п.8.8.2. части 8.8.",T17=$BL$15),L17,0) -> 0 | BM17: =IF(AND(M17="пп.7 п.8.8.2. части 8.8.",T17=$BM$15),L17,0) -> 0 | BN17: =IF(AND(M17="пп.7 п.8.8.2. части 8.8.",T17=$BN$15),L17,0) -> 0 | BO17: =IF(AND(M17="пп.7 п.8.8.2. части 8.8.",T17=$BO$15),L17,0) -> 0 | BP17: =IF(AND(M17="пп.7 п.8.8.2. части 8.8.",T17=$BP$15),L17,0) -> 0 | BQ17: =IF(AND(M17="пп.7 п.8.8.2. части 8.8.",T17=$BQ$15),L17,0) -> 0 | BR17: =IF(AND(M17="пп.7 п.8.8.2. части 8.8.",T17=$BR$15),L17,0) -> 0 | CB17: =IF(AND(M17="пп.7 п.8.8.2. части 8.8.",T17=$CB$15),L17,0) -> 0
U163: =IF(D163="ЕП",1,0) -> 0 | V163: =IF(D163="ЕП",L163,0) -> 0 | W163: =IF(D163="М",1,0) -> 0 | X163: =IF(D163="М",L163,0) -> 0 | Y163: =IF(D163="ЗЦ",1,0) -> 0 | Z163: =IF(D163="ЗЦ",L163,0) -> 0 | AA163: =IF(D163="К",1,0) -> 0 | AB163: =IF(D163="К",L163,0) -> 0 | AC163: =IF(D163="А",1,0) -> 0 | AD163: =IF(D163="А",L163,0) -> 0 | AE163: =SUM(AF163:DD163) -> 0 | AF163: =IF(AND(M163="пп.7 п.8.8.2. части 8.8.",T163=$AF$15),L163,0) -> 0 | AG163: =IF(AND(M163="пп.7 п.8.8.2. части 8.8.",T163=$AG$15),L163,0) -> 0 | AH163: =IF(AND(M163="пп.7 п.8.8.2. части 8.8.",T163=$AH$15),L163,0) -> 0 | AI163: =IF(AND(M163="пп.7 п.8.8.2. части 8.8.",T163=$AI$15),L163,0) -> 0 | AJ163: =IF(AND(M163="пп.7 п.8.8.2. части 8.8.",T163=$AJ$15),L163,0) -> 0 | AK163: =IF(AND(M163="пп.7 п.8.8.2. части 8.8.",T163=$AK$15),L163,0) -> 0 | AL163: =IF(AND(M163="пп.7 п.8.8.2. части 8.8.",T163=$AL$15),L163,0) -> 0 | AM163: =IF(AND(M163="пп.7 п.8.8.2. части 8.8.",T163=$AM$15),L163,0) -> 0 | AN163: =IF(AND(M163="пп.7 п.8.8.2. части 8.8.",T163=$AN$15),L163,0) -> 0 | AO163: =IF(AND(M163="пп.7 п.8.8.2. части 8.8.",T163=$AO$15),L163,0) -> 0 | AP163: =IF(AND(M163="пп.7 п.8.8.2. части 8.8.",T163=$AP$15),L163,0) -> 0 | AQ163: =IF(AND(M163="пп.7 п.8.8.2. части 8.8.",T163=$AQ$15),L163,0) -> 0 | AR163: =IF(AND(M163="пп.7 п.8.8.2. части 8.8.",T163=$AR$15),L163,0) -> 0 | AS163: =IF(AND(M163="пп.7 п.8.8.2. части 8.8.",T163=$AS$15),L163,0) -> 0 | AT163: =IF(AND(M163="пп.7 п.8.8.2. части 8.8.",T163=$AT$15),L163,0) -> 0 | AU163: =IF(AND(M163="пп.7 п.8.8.2. части 8.8.",T163=$AU$15),L163,0) -> 0 | AV163: =IF(AND(M163="пп.7 п.8.8.2. части 8.8.",T163=$AV$15),L163,0) -> 0 | AW163: =IF(AND(M163="пп.7 п.8.8.2. части 8.8.",T163=$AW$15),L163,0) -> 0 | AX163: =IF(AND(M163="пп.7 п.8.8.2. части 8.8.",T163=$AX$15),L163,0) -> 0 | AY163: =IF(AND(M163="пп.7 п.8.8.2. части 8.8.",T163=$AY$15),L163,0) -> 0 | AZ163: =IF(AND(M163="пп.7 п.8.8.2. части 8.8.",T163=$AZ$15),L163,0) -> 0 | BA163: =IF(AND(M163="пп.7 п.8.8.2. части 8.8.",T163=$BA$15),L163,0) -> 0 | BB163: =IF(AND(M163="пп.7 п.8.8.2. части 8.8.",T163=$BB$15),L163,0) -> 0 | BC163: =IF(AND(M163="пп.7 п.8.8.2. части 8.8.",T163=$BC$15),L163,0) -> 0 | BD163: =IF(AND(M163="пп.7 п.8.8.2. части 8.8.",T163=$BD$15),L163,0) -> 0 | BE163: =IF(AND(M163="пп.7 п.8.8.2. части 8.8.",T163=$BE$15),L163,0) -> 0 | BF163: =IF(AND(M163="пп.7 п.8.8.2. части 8.8.",T163=$BF$15),L163,0) -> 0 | BG163: =IF(AND(M163="пп.7 п.8.8.2. части 8.8.",T163=$BG$15),L163,0) -> 0 | BH163: =IF(AND(M163="пп.7 п.8.8.2. части 8.8.",T163=$BH$15),L163,0) -> 0 | BI163: =IF(AND(M163="пп.7 п.8.8.2. части 8.8.",T163=$BI$15),L163,0) -> 0 | BJ163: =IF(AND(M163="пп.7 п.8.8.2. части 8.8.",T163=$BJ$15),L163,0) -> 0 | BK163: =IF(AND(M163="пп.7 п.8.8.2. части 8.8.",T163=$BK$15),L163,0) -> 0 | BL163: =IF(AND(M163="пп.7 п.8.8.2. части 8.8.",T163=$BL$15),L163,0) -> 0 | BM163: =IF(AND(M163="пп.7 п.8.8.2. части 8.8.",T163=$BM$15),L163,0) -> 0 | BN163: =IF(AND(M163="пп.7 п.8.8.2. части 8.8.",T163=$BN$15),L163,0) -> 0 | BO163: =IF(AND(M163="пп.7 п.8.8.2. части 8.8.",T163=$BO$15),L163,0) -> 0 | BP163: =IF(AND(M163="пп.7 п.8.8.2. части 8.8.",T163=$BP$15),L163,0) -> 0 | BQ163: =IF(AND(M163="пп.7 п.8.8.2. части 8.8.",T163=$BQ$15),L163,0) -> 0 | BR163: =IF(AND(M163="пп.7 п.8.8.2. части 8.8.",T163=$BR$15),L163,0) -> 0 | CB163: =IF(AND(M163="пп.7 п.8.8.2. части 8.8.",T163=$CB$15),L163,0) -> 0
U164: =IF(D164="ЕП",1,0) -> 0 | V164: =IF(D164="ЕП",L164,0) -> 0 | W164: =IF(D164="М",1,0) -> 0 | X164: =IF(D164="М",L164,0) -> 0 | Y164: =IF(D164="ЗЦ",1,0) -> 0 | Z164: =IF(D164="ЗЦ",L164,0) -> 0 | AA164: =IF(D164="К",1,0) -> 0 | AB164: =IF(D164="К",L164,0) -> 0 | AC164: =IF(D164="А",1,0) -> 0 | AD164: =IF(D164="А",L164,0) -> 0 | AE164: =SUM(AF164:DD164) -> 0 | AF164: =IF(AND(M164="пп.7 п.8.8.2. части 8.8.",T164=$AF$15),L164,0) -> 0 | AG164: =IF(AND(M164="пп.7 п.8.8.2. части 8.8.",T164=$AG$15),L164,0) -> 0 | AH164: =IF(AND(M164="пп.7 п.8.8.2. части 8.8.",T164=$AH$15),L164,0) -> 0 | AI164: =IF(AND(M164="пп.7 п.8.8.2. части 8.8.",T164=$AI$15),L164,0) -> 0 | AJ164: =IF(AND(M164="пп.7 п.8.8.2. части 8.8.",T164=$AJ$15),L164,0) -> 0 | AK164: =IF(AND(M164="пп.7 п.8.8.2. части 8.8.",T164=$AK$15),L164,0) -> 0 | AL164: =IF(AND(M164="пп.7 п.8.8.2. части 8.8.",T164=$AL$15),L164,0) -> 0 | AM164: =IF(AND(M164="пп.7 п.8.8.2. части 8.8.",T164=$AM$15),L164,0) -> 0 | AN164: =IF(AND(M164="пп.7 п.8.8.2. части 8.8.",T164=$AN$15),L164,0) -> 0 | AO164: =IF(AND(M164="пп.7 п.8.8.2. части 8.8.",T164=$AO$15),L164,0) -> 0 | AP164: =IF(AND(M164="пп.7 п.8.8.2. части 8.8.",T164=$AP$15),L164,0) -> 0 | AQ164: =IF(AND(M164="пп.7 п.8.8.2. части 8.8.",T164=$AQ$15),L164,0) -> 0 | AR164: =IF(AND(M164="пп.7 п.8.8.2. части 8.8.",T164=$AR$15),L164,0) -> 0 | AS164: =IF(AND(M164="пп.7 п.8.8.2. части 8.8.",T164=$AS$15),L164,0) -> 0 | AT164: =IF(AND(M164="пп.7 п.8.8.2. части 8.8.",T164=$AT$15),L164,0) -> 0 | AU164: =IF(AND(M164="пп.7 п.8.8.2. части 8.8.",T164=$AU$15),L164,0) -> 0 | AV164: =IF(AND(M164="пп.7 п.8.8.2. части 8.8.",T164=$AV$15),L164,0) -> 0 | AW164: =IF(AND(M164="пп.7 п.8.8.2. части 8.8.",T164=$AW$15),L164,0) -> 0 | AX164: =IF(AND(M164="пп.7 п.8.8.2. части 8.8.",T164=$AX$15),L164,0) -> 0 | AY164: =IF(AND(M164="пп.7 п.8.8.2. части 8.8.",T164=$AY$15),L164,0) -> 0 | AZ164: =IF(AND(M164="пп.7 п.8.8.2. части 8.8.",T164=$AZ$15),L164,0) -> 0 | BA164: =IF(AND(M164="пп.7 п.8.8.2. части 8.8.",T164=$BA$15),L164,0) -> 0 | BB164: =IF(AND(M164="пп.7 п.8.8.2. части 8.8.",T164=$BB$15),L164,0) -> 0 | BC164: =IF(AND(M164="пп.7 п.8.8.2. части 8.8.",T164=$BC$15),L164,0) -> 0 | BD164: =IF(AND(M164="пп.7 п.8.8.2. части 8.8.",T164=$BD$15),L164,0) -> 0 | BE164: =IF(AND(M164="пп.7 п.8.8.2. части 8.8.",T164=$BE$15),L164,0) -> 0 | BF164: =IF(AND(M164="пп.7 п.8.8.2. части 8.8.",T164=$BF$15),L164,0) -> 0 | BG164: =IF(AND(M164="пп.7 п.8.8.2. части 8.8.",T164=$BG$15),L164,0) -> 0 | BH164: =IF(AND(M164="пп.7 п.8.8.2. части 8.8.",T164=$BH$15),L164,0) -> 0 | BI164: =IF(AND(M164="пп.7 п.8.8.2. части 8.8.",T164=$BI$15),L164,0) -> 0 | BJ164: =IF(AND(M164="пп.7 п.8.8.2. части 8.8.",T164=$BJ$15),L164,0) -> 0 | BK164: =IF(AND(M164="пп.7 п.8.8.2. части 8.8.",T164=$BK$15),L164,0) -> 0 | BL164: =IF(AND(M164="пп.7 п.8.8.2. части 8.8.",T164=$BL$15),L164,0) -> 0 | BM164: =IF(AND(M164="пп.7 п.8.8.2. части 8.8.",T164=$BM$15),L164,0) -> 0 | BN164: =IF(AND(M164="пп.7 п.8.8.2. части 8.8.",T164=$BN$15),L164,0) -> 0 | BO164: =IF(AND(M164="пп.7 п.8.8.2. части 8.8.",T164=$BO$15),L164,0) -> 0 | BP164: =IF(AND(M164="пп.7 п.8.8.2. части 8.8.",T164=$BP$15),L164,0) -> 0 | BQ164: =IF(AND(M164="пп.7 п.8.8.2. части 8.8.",T164=$BQ$15),L164,0) -> 0 | BR164: =IF(AND(M164="пп.7 п.8.8.2. части 8.8.",T164=$BR$15),L164,0) -> 0 | CB164: =IF(AND(M164="пп.7 п.8.8.2. части 8.8.",T164=$CB$15),L164,0) -> 0
U165: =IF(D165="ЕП",1,0) -> 0 | V165: =IF(D165="ЕП",L165,0) -> 0 | W165: =IF(D165="М",1,0) -> 0 | X165: =IF(D165="М",L165,0) -> 0 | Y165: =IF(D165="ЗЦ",1,0) -> 0 | Z165: =IF(D165="ЗЦ",L165,0) -> 0 | AA165: =IF(D165="К",1,0) -> 0 | AB165: =IF(D165="К",L165,0) -> 0 | AC165: =IF(D165="А",1,0) -> 0 | AD165: =IF(D165="А",L165,0) -> 0 | AE165: =SUM(AF165:DD165) -> 0 | AF165: =IF(AND(M165="пп.7 п.8.8.2. части 8.8.",T165=$AF$15),L165,0) -> 0 | AG165: =IF(AND(M165="пп.7 п.8.8.2. части 8.8.",T165=$AG$15),L165,0) -> 0 | AH165: =IF(AND(M165="пп.7 п.8.8.2. части 8.8.",T165=$AH$15),L165,0) -> 0 | AI165: =IF(AND(M165="пп.7 п.8.8.2. части 8.8.",T165=$AI$15),L165,0) -> 0 | AJ165: =IF(AND(M165="пп.7 п.8.8.2. части 8.8.",T165=$AJ$15),L165,0) -> 0 | AK165: =IF(AND(M165="пп.7 п.8.8.2. части 8.8.",T165=$AK$15),L165,0) -> 0 | AL165: =IF(AND(M165="пп.7 п.8.8.2. части 8.8.",T165=$AL$15),L165,0) -> 0 | AM165: =IF(AND(M165="пп.7 п.8.8.2. части 8.8.",T165=$AM$15),L165,0) -> 0 | AN165: =IF(AND(M165="пп.7 п.8.8.2. части 8.8.",T165=$AN$15),L165,0) -> 0 | AO165: =IF(AND(M165="пп.7 п.8.8.2. части 8.8.",T165=$AO$15),L165,0) -> 0 | AP165: =IF(AND(M165="пп.7 п.8.8.2. части 8.8.",T165=$AP$15),L165,0) -> 0 | AQ165: =IF(AND(M165="пп.7 п.8.8.2. части 8.8.",T165=$AQ$15),L165,0) -> 0 | AR165: =IF(AND(M165="пп.7 п.8.8.2. части 8.8.",T165=$AR$15),L165,0) -> 0 | AS165: =IF(AND(M165="пп.7 п.8.8.2. части 8.8.",T165=$AS$15),L165,0) -> 0 | AT165: =IF(AND(M165="пп.7 п.8.8.2. части 8.8.",T165=$AT$15),L165,0) -> 0 | AU165: =IF(AND(M165="пп.7 п.8.8.2. части 8.8.",T165=$AU$15),L165,0) -> 0 | AV165: =IF(AND(M165="пп.7 п.8.8.2. части 8.8.",T165=$AV$15),L165,0) -> 0 | AW165: =IF(AND(M165="пп.7 п.8.8.2. части 8.8.",T165=$AW$15),L165,0) -> 0 | AX165: =IF(AND(M165="пп.7 п.8.8.2. части 8.8.",T165=$AX$15),L165,0) -> 0 | AY165: =IF(AND(M165="пп.7 п.8.8.2. части 8.8.",T165=$AY$15),L165,0) -> 0 | AZ165: =IF(AND(M165="пп.7 п.8.8.2. части 8.8.",T165=$AZ$15),L165,0) -> 0 | BA165: =IF(AND(M165="пп.7 п.8.8.2. части 8.8.",T165=$BA$15),L165,0) -> 0 | BB165: =IF(AND(M165="пп.7 п.8.8.2. части 8.8.",T165=$BB$15),L165,0) -> 0 | BC165: =IF(AND(M165="пп.7 п.8.8.2. части 8.8.",T165=$BC$15),L165,0) -> 0 | BD165: =IF(AND(M165="пп.7 п.8.8.2. части 8.8.",T165=$BD$15),L165,0) -> 0 | BE165: =IF(AND(M165="пп.7 п.8.8.2. части 8.8.",T165=$BE$15),L165,0) -> 0 | BF165: =IF(AND(M165="пп.7 п.8.8.2. части 8.8.",T165=$BF$15),L165,0) -> 0 | BG165: =IF(AND(M165="пп.7 п.8.8.2. части 8.8.",T165=$BG$15),L165,0) -> 0 | BH165: =IF(AND(M165="пп.7 п.8.8.2. части 8.8.",T165=$BH$15),L165,0) -> 0 | BI165: =IF(AND(M165="пп.7 п.8.8.2. части 8.8.",T165=$BI$15),L165,0) -> 0 | BJ165: =IF(AND(M165="пп.7 п.8.8.2. части 8.8.",T165=$BJ$15),L165,0) -> 0 | BK165: =IF(AND(M165="пп.7 п.8.8.2. части 8.8.",T165=$BK$15),L165,0) -> 0 | BL165: =IF(AND(M165="пп.7 п.8.8.2. части 8.8.",T165=$BL$15),L165,0) -> 0 | BM165: =IF(AND(M165="пп.7 п.8.8.2. части 8.8.",T165=$BM$15),L165,0) -> 0 | BN165: =IF(AND(M165="пп.7 п.8.8.2. части 8.8.",T165=$BN$15),L165,0) -> 0 | BO165: =IF(AND(M165="пп.7 п.8.8.2. части 8.8.",T165=$BO$15),L165,0) -> 0 | BP165: =IF(AND(M165="пп.7 п.8.8.2. части 8.8.",T165=$BP$15),L165,0) -> 0 | BQ165: =IF(AND(M165="пп.7 п.8.8.2. части 8.8.",T165=$BQ$15),L165,0) -> 0 | BR165: =IF(AND(M165="пп.7 п.8.8.2. части 8.8.",T165=$BR$15),L165,0) -> 0 | CB165: =IF(AND(M165="пп.7 п.8.8.2. части 8.8.",T165=$CB$15),L165,0) -> 0
U166: =IF(D166="ЕП",1,0) -> 0 | V166: =IF(D166="ЕП",L166,0) -> 0 | W166: =IF(D166="М",1,0) -> 0 | X166: =IF(D166="М",L166,0) -> 0 | Y166: =IF(D166="ЗЦ",1,0) -> 0 | Z166: =IF(D166="ЗЦ",L166,0) -> 0 | AA166: =IF(D166="К",1,0) -> 0 | AB166: =IF(D166="К",L166,0) -> 0 | AC166: =IF(D166="А",1,0) -> 0 | AD166: =IF(D166="А",L166,0) -> 0 | AE166: =SUM(AF166:DD166) -> 0 | AF166: =IF(AND(M166="пп.7 п.8.8.2. части 8.8.",T166=$AF$15),L166,0) -> 0 | AG166: =IF(AND(M166="пп.7 п.8.8.2. части 8.8.",T166=$AG$15),L166,0) -> 0 | AH166: =IF(AND(M166="пп.7 п.8.8.2. части 8.8.",T166=$AH$15),L166,0) -> 0 | AI166: =IF(AND(M166="пп.7 п.8.8.2. части 8.8.",T166=$AI$15),L166,0) -> 0 | AJ166: =IF(AND(M166="пп.7 п.8.8.2. части 8.8.",T166=$AJ$15),L166,0) -> 0 | AK166: =IF(AND(M166="пп.7 п.8.8.2. части 8.8.",T166=$AK$15),L166,0) -> 0 | AL166: =IF(AND(M166="пп.7 п.8.8.2. части 8.8.",T166=$AL$15),L166,0) -> 0 | AM166: =IF(AND(M166="пп.7 п.8.8.2. части 8.8.",T166=$AM$15),L166,0) -> 0 | AN166: =IF(AND(M166="пп.7 п.8.8.2. части 8.8.",T166=$AN$15),L166,0) -> 0 | AO166: =IF(AND(M166="пп.7 п.8.8.2. части 8.8.",T166=$AO$15),L166,0) -> 0 | AP166: =IF(AND(M166="пп.7 п.8.8.2. части 8.8.",T166=$AP$15),L166,0) -> 0 | AQ166: =IF(AND(M166="пп.7 п.8.8.2. части 8.8.",T166=$AQ$15),L166,0) -> 0 | AR166: =IF(AND(M166="пп.7 п.8.8.2. части 8.8.",T166=$AR$15),L166,0) -> 0 | AS166: =IF(AND(M166="пп.7 п.8.8.2. части 8.8.",T166=$AS$15),L166,0) -> 0 | AT166: =IF(AND(M166="пп.7 п.8.8.2. части 8.8.",T166=$AT$15),L166,0) -> 0 | AU166: =IF(AND(M166="пп.7 п.8.8.2. части 8.8.",T166=$AU$15),L166,0) -> 0 | AV166: =IF(AND(M166="пп.7 п.8.8.2. части 8.8.",T166=$AV$15),L166,0) -> 0 | CB166: =IF(AND(M166="пп.7 п.8.8.2. части 8.8.",T166=$CB$15),L166,0) -> 0

Sheet 2
D2: Всего за период с | G2: 41306 | I2: по | J2: 41333 | M2: =IF(Одноименность!H5<>0,"НАРУШЕН ЛИМИТ!!!","-") -> -
D3: заключено | F3: =I5+I9+I10+I11 -> 3 | G3: договоров на сумму | J3: =L5+L9+L10+L11 -> 29335 | X3: =Одноименность!H5 -> 0
D4: из них по результатам процедур:
D5: закупки у единственного поставщика, подрядчика, исполнителя | I5: =SUM(I7:I8) -> 3 | J5: на сумму | L5: =SUM(L7:L8) -> 29335 | M5: расторгнуто договоров | N5: =N12+[1]Договоры!$Y$3 -> 0 | Q5: =O12 -> 0
D6: из них | M6: изменено договоров | N6: =P12 -> 0 | Q6: =Q12 -> 0
E7: В соответствии с пп.1 и пп.2, пп. 2.1 п. 8.8.2 Положения (ест.монополии, ресурсоснабжение,аренда) | I7: =W12 -> 0 | L7: =X12 -> 0
E8: В соответсвии с пп.7 п. 8.8.2 (малые закупки) | I8: =U12 -> 3 | J8: на сумму | L8: =V12 -> 29335
D9: запросов цен | I9: =Y12 -> 0 | J9: на сумму | L9: =Z12 -> 0
D10: конкурсов | I10: =AA12 -> 0 | J10: на сумму | L10: =AB12 -> 0
D11: аукционов | I11: =AC12 -> 0 | J11: на сумму | L11: =AD12 -> 0
A12: =SUM(A16:A2902) -> 3 | L12: =SUM(L16:L32002) -> 29335 | N12: =SUM(N16:N32002) -> 0 | O12: =SUM(O16:O32002) -> 0 | P12: =SUM(P16:P32002) -> 0 | Q12: =SUM(Q16:Q32002) -> 0 | R12: =SUM(R16:R32002) -> 0 | S12: =SUM(S16:S32002) -> 0 | U12: =SUM(U16:U2106) -> 3 | V12: =SUM(V16:V2106) -> 29335 | W12: =SUM(W16:W2106) -> 0 | X12: =SUM(X16:X2106) -> 0 | Y12: =SUM(Y16:Y2106) -> 0 | Z12: =SUM(Z16:Z2106) -> 0 | AA12: =SUM(AA16:AA2106) -> 0 | AB12: =SUM(AB16:AB2106) -> 0 | ... AE12: =SUM(AE16:AE2106) -> 29335 | AF12: =SUM(AF16:AF15306) -> 0 | AG12: =SUM(AG16:AG15306) -> 0 | AH12: =SUM(AH16:AH15306) -> 0 | AI12: =SUM(AI16:AI15306) -> 0 | AJ12: =SUM(AJ16:AJ15306) -> 0 | AK12: =SUM(AK16:AK15306) -> 0 | AL12: =SUM(AL16:AL15306) -> 0 | AM12: =SUM(AM16:AM15306) -> 0 | ... CG12: =SUM(CG16:CG15306) -> 0
A13: Счетчик закупок | D13: Вид закупки | E13: Дата, номер извещения о закупке | F13: ФЕВРАЛЬ (дата регистрации обязательства) | G13: Дата договора / Авансового отчета | H13: Номер договора / авансового отчета | I13: Исполнитель | J13: Предмет договора (ЗАКУПАЕМЫЕ ТОВАРЫ, РАБОТЫ, УСЛУГИ) | K13: ОКПД | L13: Сумма | M13: Основание заключения договора указанным способом закупки | N13: Договор расторгнут | O13: Сумма расторгнутых | P13: Кол-во измененных | R13: Подано заявок на участие | S13: Начальная цена | T13: Группа одноименности в соотв. С приказом Минфина №601 (для упрощения контроля одноименности) | U13: ЕП (малые закупки) | W13: М | Y13: ЗЦ | AA13: К | AC13: А
Q14: Изменение суммы | AF14: ='1'!AF14 -> Бензин и дизельное топливо | AG14: ='1'!AG14 -> Организация спортмероприятий | AH14: ='1'!AH14 -> Услуги по ремонту транспортных средств | AI14: ='1'!AI14 -> Канцелярские товары, канц.принадлежности бумажные | AJ14: ='1'!AJ14 -> Услуги по канализации, удалению отходов, сан. Обработке и аналогичные услуги | AK14: ='1'!AK14 -> Производственное и промышленное оборудование | AL14: ='1'!AL14 -> Препараты и средства медицинские прочие | AM14: ='1'!AM14 -> Металлы и изделия из металла, а также услуги по их производству | ... CE14: ='1'!CE14 -> 0
AF15: ='1'!AF15 -> 45 | AG15: ='1'!AG15 -> 218 | AH15: ='1'!AH15 -> 115 | AI15: ='1'!AI15 -> 40 | AJ15: ='1'!AJ15 -> 213 | AK15: ='1'!AK15 -> 121 | AL15: ='1'!AL15 -> 102 | AM15: ='1'!AM15 -> 118 | ... CE15: ='1'!CE15 -> 0
A16: 1 | B16: =IF(D16="ЕП",IF((AE16=0),1,0),0) -> 0 | D16: ЕП | F16: 41310 | G16: 41306 | H16: 8 | I16: ООО "Маршалл" | J16: Спортивные товары (крепления, кольца на палки) | L16: 9660 | M16: =IF(D16="ЕП","пп.7 п.8.8.2. части 8.8.","-") -> пп.7 п.8.8.2. части 8.8. | T16: 165 | U16: =IF(D16="ЕП",1,0) -> 1 | V16: =IF(D16="ЕП",L16,0) -> 9660 | W16: =IF(D16="М",1,0) -> 0 | X16: =IF(D16="М",L16,0) -> 0 | Y16: =IF(D16="ЗЦ",1,0) -> 0 | Z16: =IF(D16="ЗЦ",L16,0) -> 0 | AA16: =IF(D16="К",1,0) -> 0 | AB16: =IF(D16="К",L16,0) -> 0 | AC16: =IF(D16="А",1,0) -> 0 | AD16: =IF(D16="А",L16,0) -> 0 | AE16: =SUM(AF16:DD16) -> 9660 | AF16: =IF(AND(M16="пп.7 п.8.8.2. части 8.8.",T16=$AF$15),L16,0) -> 0 | AG16: =IF(AND(M16="пп.7 п.8.8.2. части 8.8.",T16=$AG$15),L16,0) -> 0 | AH16: =IF(AND(M16="пп.7 п.8.8.2. части 8.8.",T16=$AH$15),L16,0) -> 0 | AI16: =IF(AND(M16="пп.7 п.8.8.2. части 8.8.",T16=$AI$15),L16,0) -> 0 | AJ16: =IF(AND(M16="пп.7 п.8.8.2. части 8.8.",T16=$AJ$15),L16,0) -> 0 | AK16: =IF(AND(M16="пп.7 п.8.8.2. части 8.8.",T16=$AK$15),L16,0) -> 0 | AL16: =IF(AND(M16="пп.7 п.8.8.2. части 8.8.",T16=$AL$15),L16,0) -> 0 | AM16: =IF(AND(M16="пп.7 п.8.8.2. части 8.8.",T16=$AM$15),L16,0) -> 0 | AN16: =IF(AND(M16="пп.7 п.8.8.2. части 8.8.",T16=$AN$15),L16,0) -> 0 | AO16: =IF(AND(M16="пп.7 п.8.8.2. части 8.8.",T16=$AO$15),L16,0) -> 0 | AP16: =IF(AND(M16="пп.7 п.8.8.2. части 8.8.",T16=$AP$15),L16,0) -> 9660 | AQ16: =IF(AND(M16="пп.7 п.8.8.2. части 8.8.",T16=$AQ$15),L16,0) -> 0 | AR16: =IF(AND(M16="пп.7 п.8.8.2. части 8.8.",T16=$AR$15),L16,0) -> 0 | AS16: =IF(AND(M16="пп.7 п.8.8.2. части 8.8.",T16=$AS$15),L16,0) -> 0 | AT16: =IF(AND(M16="пп.7 п.8.8.2. части 8.8.",T16=$AT$15),L16,0) -> 0 | AU16: =IF(AND(M16="пп.7 п.8.8.2. части 8.8.",T16=$AU$15),L16,0) -> 0 | AV16: =IF(AND(M16="пп.7 п.8.8.2. части 8.8.",T16=$AV$15),L16,0) -> 0 | AW16: =IF(AND(M16="пп.7 п.8.8.2. части 8.8.",T16=$AW$15),L16,0) -> 0 | AX16: =IF(AND(M16="пп.7 п.8.8.2. части 8.8.",T16=$AX$15),L16,0) -> 0 | AY16: =IF(AND(M16="пп.7 п.8.8.2. части 8.8.",T16=$AY$15),L16,0) -> 0 | AZ16: =IF(AND(M16="пп.7 п.8.8.2. части 8.8.",T16=$AZ$15),L16,0) -> 0 | BA16: =IF(AND(M16="пп.7 п.8.8.2. части 8.8.",T16=$BA$15),L16,0) -> 0 | BB16: =IF(AND(M16="пп.7 п.8.8.2. части 8.8.",T16=$BB$15),L16,0) -> 0 | BC16: =IF(AND(M16="пп.7 п.8.8.2. части 8.8.",T16=$BC$15),L16,0) -> 0 | BD16: =IF(AND(M16="пп.7 п.8.8.2. части 8.8.",T16=$BD$15),L16,0) -> 0 | BE16: =IF(AND(M16="пп.7 п.8.8.2. части 8.8.",T16=$BE$15),L16,0) -> 0 | BF16: =IF(AND(M16="пп.7 п.8.8.2. части 8.8.",T16=$BF$15),L16,0) -> 0 | BG16: =IF(AND(M16="пп.7 п.8.8.2. части 8.8.",T16=$BG$15),L16,0) -> 0 | BH16: =IF(AND(M16="пп.7 п.8.8.2. части 8.8.",T16=$BH$15),L16,0) -> 0 | BI16: =IF(AND(M16="пп.7 п.8.8.2. части 8.8.",T16=$BI$15),L16,0) -> 0 | BJ16: =IF(AND(M16="пп.7 п.8.8.2. части 8.8.",T16=$BJ$15),L16,0) -> 0 | BK16: =IF(AND(M16="пп.7 п.8.8.2. части 8.8.",T16=$BK$15),L16,0) -> 0 | BL16: =IF(AND(M16="пп.7 п.8.8.2. части 8.8.",T16=$BL$15),L16,0) -> 0 | BM16: =IF(AND(M16="пп.7 п.8.8.2. части 8.8.",T16=$BM$15),L16,0) -> 0 | BN16: =IF(AND(M16="пп.7 п.8.8.2. части 8.8.",T16=$BN$15),L16,0) -> 0 | BO16: =IF(AND(M16="пп.7 п.8.8.2. части 8.8.",T16=$BO$15),L16,0) -> 0 | BP16: =IF(AND(M16="пп.7 п.8.8.2. части 8.8.",T16=$BP$15),L16,0) -> 0 | BQ16: =IF(AND(M16="пп.7 п.8.8.2. части 8.8.",T16=$BQ$15),L16,0) -> 0 | BR16: =IF(AND(M16="пп.7 п.8.8.2. части 8.8.",T16=$BR$15),L16,0) -> 0 | BS16: =IF(AND(M16="пп.7 п.8.8.2. части 8.8.",T16=$BS$15),L16,0) -> 0 | BT16: =IF(AND(M16="пп.7 п.8.8.2. части 8.8.",T16=$BT$15),L16,0) -> 0 | BU16: =IF(AND(M16="пп.7 п.8.8.2. части 8.8.",T16=$BU$15),L16,0) -> 0 | BV16: =IF(AND(M16="пп.7 п.8.8.2. части 8.8.",T16=$BV$15),L16,0) -> 0 | BW16: =IF(AND(M16="пп.7 п.8.8.2. части 8.8.",T16=$BW$15),L16,0) -> 0 | CB16: =IF(AND(M16="пп.7 п.8.8.2. части 8.8.",T16=$CB$15),L16,0) -> 0
A17: 1 | B17: =IF(D17="ЕП",IF((AE17=0),1,0),0) -> 0 | D17: ЕП | F17: 41311 | G17: 41306 | H17: 3 | I17: ООО ИСА "СТО" | J17: Рекламные услуги | L17: 10000 | M17: =IF(D17="ЕП","пп.7 п.8.8.2. части 8.8.","-") -> пп.7 п.8.8.2. части 8.8. | T17: 202 | U17: =IF(D17="ЕП",1,0) -> 1 | V17: =IF(D17="ЕП",L17,0) -> 10000 | W17: =IF(D17="М",1,0) -> 0 | X17: =IF(D17="М",L17,0) -> 0 | Y17: =IF(D17="ЗЦ",1,0) -> 0 | Z17: =IF(D17="ЗЦ",L17,0) -> 0 | AA17: =IF(D17="К",1,0) -> 0 | AB17: =IF(D17="К",L17,0) -> 0 | AC17: =IF(D17="А",1,0) -> 0 | AD17: =IF(D17="А",L17,0) -> 0 | AE17: =SUM(AF17:DD17) -> 10000 | AF17: =IF(AND(M17="пп.7 п.8.8.2. части 8.8.",T17=$AF$15),L17,0) -> 0 | AG17: =IF(AND(M17="пп.7 п.8.8.2. части 8.8.",T17=$AG$15),L17,0) -> 0 | AH17: =IF(AND(M17="пп.7 п.8.8.2. части 8.8.",T17=$AH$15),L17,0) -> 0 | AI17: =IF(AND(M17="пп.7 п.8.8.2. части 8.8.",T17=$AI$15),L17,0) -> 0 | AJ17: =IF(AND(M17="пп.7 п.8.8.2. части 8.8.",T17=$AJ$15),L17,0) -> 0 | AK17: =IF(AND(M17="пп.7 п.8.8.2. части 8.8.",T17=$AK$15),L17,0) -> 0 | AL17: =IF(AND(M17="пп.7 п.8.8.2. части 8.8.",T17=$AL$15),L17,0) -> 0 | AM17: =IF(AND(M17="пп.7 п.8.8.2. части 8.8.",T17=$AM$15),L17,0) -> 0 | AN17: =IF(AND(M17="пп.7 п.8.8.2. части 8.8.",T17=$AN$15),L17,0) -> 0 | AO17: =IF(AND(M17="пп.7 п.8.8.2. части 8.8.",T17=$AO$15),L17,0) -> 0 | AP17: =IF(AND(M17="пп.7 п.8.8.2. части 8.8.",T17=$AP$15),L17,0) -> 0 | AQ17: =IF(AND(M17="пп.7 п.8.8.2. части 8.8.",T17=$AQ$15),L17,0) -> 0 | AR17: =IF(AND(M17="пп.7 п.8.8.2. части 8.8.",T17=$AR$15),L17,0) -> 0 | AS17: =IF(AND(M17="пп.7 п.8.8.2. части 8.8.",T17=$AS$15),L17,0) -> 0 | AT17: =IF(AND(M17="пп.7 п.8.8.2. части 8.8.",T17=$AT$15),L17,0) -> 0 | AU17: =IF(AND(M17="пп.7 п.8.8.2. части 8.8.",T17=$AU$15),L17,0) -> 0 | AV17: =IF(AND(M17="пп.7 п.8.8.2. части 8.8.",T17=$AV$15),L17,0) -> 0 | AW17: =IF(AND(M17="пп.7 п.8.8.2. части 8.8.",T17=$AW$15),L17,0) -> 0 | AX17: =IF(AND(M17="пп.7 п.8.8.2. части 8.8.",T17=$AX$15),L17,0) -> 0 | AY17: =IF(AND(M17="пп.7 п.8.8.2. части 8.8.",T17=$AY$15),L17,0) -> 0 | AZ17: =IF(AND(M17="пп.7 п.8.8.2. части 8.8.",T17=$AZ$15),L17,0) -> 0 | BA17: =IF(AND(M17="пп.7 п.8.8.2. части 8.8.",T17=$BA$15),L17,0) -> 0 | BB17: =IF(AND(M17="пп.7 п.8.8.2. части 8.8.",T17=$BB$15),L17,0) -> 0 | BC17: =IF(AND(M17="пп.7 п.8.8.2. части 8.8.",T17=$BC$15),L17,0) -> 0 | BD17: =IF(AND(M17="пп.7 п.8.8.2. части 8.8.",T17=$BD$15),L17,0) -> 0 | BE17: =IF(AND(M17="пп.7 п.8.8.2. части 8.8.",T17=$BE$15),L17,0) -> 0 | BF17: =IF(AND(M17="пп.7 п.8.8.2. части 8.8.",T17=$BF$15),L17,0) -> 0 | BG17: =IF(AND(M17="пп.7 п.8.8.2. части 8.8.",T17=$BG$15),L17,0) -> 0 | BH17: =IF(AND(M17="пп.7 п.8.8.2. части 8.8.",T17=$BH$15),L17,0) -> 0 | BI17: =IF(AND(M17="пп.7 п.8.8.2. части 8.8.",T17=$BI$15),L17,0) -> 0 | BJ17: =IF(AND(M17="пп.7 п.8.8.2. части 8.8.",T17=$BJ$15),L17,0) -> 0 | BK17: =IF(AND(M17="пп.7 п.8.8.2. части 8.8.",T17=$BK$15),L17,0) -> 0 | BL17: =IF(AND(M17="пп.7 п.8.8.2. части 8.8.",T17=$BL$15),L17,0) -> 0 | BM17: =IF(AND(M17="пп.7 п.8.8.2. части 8.8.",T17=$BM$15),L17,0) -> 0 | BN17: =IF(AND(M17="пп.7 п.8.8.2. части 8.8.",T17=$BN$15),L17,0) -> 10000 | BO17: =IF(AND(M17="пп.7 п.8.8.2. части 8.8.",T17=$BO$15),L17,0) -> 0 | BP17: =IF(AND(M17="пп.7 п.8.8.2. части 8.8.",T17=$BP$15),L17,0) -> 0 | BQ17: =IF(AND(M17="пп.7 п.8.8.2. части 8.8.",T17=$BQ$15),L17,0) -> 0 | BR17: =IF(AND(M17="пп.7 п.8.8.2. части 8.8.",T17=$BR$15),L17,0) -> 0 | BS17: =IF(AND(M17="пп.7 п.8.8.2. части 8.8.",T17=$BS$15),L17,0) -> 0 | BT17: =IF(AND(M17="пп.7 п.8.8.2. части 8.8.",T17=$BT$15),L17,0) -> 0 | BU17: =IF(AND(M17="пп.7 п.8.8.2. части 8.8.",T17=$BU$15),L17,0) -> 0 | BV17: =IF(AND(M17="пп.7 п.8.8.2. части 8.8.",T17=$BV$15),L17,0) -> 0 | BW17: =IF(AND(M17="пп.7 п.8.8.2. части 8.8.",T17=$BW$15),L17,0) -> 0 | CB17: =IF(AND(M17="пп.7 п.8.8.2. части 8.8.",T17=$CB$15),L17,0) -> 0
A18: 1 | B18: =IF(D18="ЕП",IF((AE18=0),1,0),0) -> 0 | D18: ЕП | F18: 41317 | G18: 41316 | H18: 9 | I18: ИП Стерехова | J18: Зап.части | L18: 9675 | M18: =IF(D18="ЕП","пп.7 п.8.8.2. части 8.8.","-") -> пп.7 п.8.8.2. части 8.8. | T18: 155 | U18: =IF(D18="ЕП",1,0) -> 1 | V18: =IF(D18="ЕП",L18,0) -> 9675 | W18: =IF(D18="М",1,0) -> 0 | X18: =IF(D18="М",L18,0) -> 0 | Y18: =IF(D18="ЗЦ",1,0) -> 0 | Z18: =IF(D18="ЗЦ",L18,0) -> 0 | AA18: =IF(D18="К",1,0) -> 0 | AB18: =IF(D18="К",L18,0) -> 0 | AC18: =IF(D18="А",1,0) -> 0 | AD18: =IF(D18="А",L18,0) -> 0 | AE18: =SUM(AF18:DD18) -> 9675 | AF18: =IF(AND(M18="пп.7 п.8.8.2. части 8.8.",T18=$AF$15),L18,0) -> 0 | AG18: =IF(AND(M18="пп.7 п.8.8.2. части 8.8.",T18=$AG$15),L18,0) -> 0 | AH18: =IF(AND(M18="пп.7 п.8.8.2. части 8.8.",T18=$AH$15),L18,0) -> 0 | AI18: =IF(AND(M18="пп.7 п.8.8.2. части 8.8.",T18=$AI$15),L18,0) -> 0 | AJ18: =IF(AND(M18="пп.7 п.8.8.2. части 8.8.",T18=$AJ$15),L18,0) -> 0 | AK18: =IF(AND(M18="пп.7 п.8.8.2. части 8.8.",T18=$AK$15),L18,0) -> 0 | AL18: =IF(AND(M18="пп.7 п.8.8.2. части 8.8.",T18=$AL$15),L18,0) -> 0 | AM18: =IF(AND(M18="пп.7 п.8.8.2. части 8.8.",T18=$AM$15),L18,0) -> 0 | AN18: =IF(AND(M18="пп.7 п.8.8.2. части 8.8.",T18=$AN$15),L18,0) -> 0 | AO18: =IF(AND(M18="пп.7 п.8.8.2. части 8.8.",T18=$AO$15),L18,0) -> 0 | AP18: =IF(AND(M18="пп.7 п.8.8.2. части 8.8.",T18=$AP$15),L18,0) -> 0 | AQ18: =IF(AND(M18="пп.7 п.8.8.2. части 8.8.",T18=$AQ$15),L18,0) -> 0 | AR18: =IF(AND(M18="пп.7 п.8.8.2. части 8.8.",T18=$AR$15),L18,0) -> 0 | AS18: =IF(AND(M18="пп.7 п.8.8.2. части 8.8.",T18=$AS$15),L18,0) -> 0 | AT18: =IF(AND(M18="пп.7 п.8.8.2. части 8.8.",T18=$AT$15),L18,0) -> 0 | AU18: =IF(AND(M18="пп.7 п.8.8.2. части 8.8.",T18=$AU$15),L18,0) -> 0 | AV18: =IF(AND(M18="пп.7 п.8.8.2. части 8.8.",T18=$AV$15),L18,0) -> 0 | AW18: =IF(AND(M18="пп.7 п.8.8.2. части 8.8.",T18=$AW$15),L18,0) -> 0 | AX18: =IF(AND(M18="пп.7 п.8.8.2. части 8.8.",T18=$AX$15),L18,0) -> 0 | AY18: =IF(AND(M18="пп.7 п.8.8.2. части 8.8.",T18=$AY$15),L18,0) -> 0 | AZ18: =IF(AND(M18="пп.7 п.8.8.2. части 8.8.",T18=$AZ$15),L18,0) -> 0 | BA18: =IF(AND(M18="пп.7 п.8.8.2. части 8.8.",T18=$BA$15),L18,0) -> 0 | BB18: =IF(AND(M18="пп.7 п.8.8.2. части 8.8.",T18=$BB$15),L18,0) -> 0 | BC18: =IF(AND(M18="пп.7 п.8.8.2. части 8.8.",T18=$BC$15),L18,0) -> 0 | BD18: =IF(AND(M18="пп.7 п.8.8.2. части 8.8.",T18=$BD$15),L18,0) -> 0 | BE18: =IF(AND(M18="пп.7 п.8.8.2. части 8.8.",T18=$BE$15),L18,0) -> 0 | BF18: =IF(AND(M18="пп.7 п.8.8.2. части 8.8.",T18=$BF$15),L18,0) -> 0 | BG18: =IF(AND(M18="пп.7 п.8.8.2. части 8.8.",T18=$BG$15),L18,0) -> 0 | BH18: =IF(AND(M18="пп.7 п.8.8.2. части 8.8.",T18=$BH$15),L18,0) -> 0 | BI18: =IF(AND(M18="пп.7 п.8.8.2. части 8.8.",T18=$BI$15),L18,0) -> 0 | BJ18: =IF(AND(M18="пп.7 п.8.8.2. части 8.8.",T18=$BJ$15),L18,0) -> 0 | BK18: =IF(AND(M18="пп.7 п.8.8.2. части 8.8.",T18=$BK$15),L18,0) -> 0 | BL18: =IF(AND(M18="пп.7 п.8.8.2. части 8.8.",T18=$BL$15),L18,0) -> 0 | BM18: =IF(AND(M18="пп.7 п.8.8.2. части 8.8.",T18=$BM$15),L18,0) -> 0 | BN18: =IF(AND(M18="пп.7 п.8.8.2. части 8.8.",T18=$BN$15),L18,0) -> 0 | BO18: =IF(AND(M18="пп.7 п.8.8.2. части 8.8.",T18=$BO$15),L18,0) -> 0 | BP18: =IF(AND(M18="пп.7 п.8.8.2. части 8.8.",T18=$BP$15),L18,0) -> 0 | BQ18: =IF(AND(M18="пп.7 п.8.8.2. части 8.8.",T18=$BQ$15),L18,0) -> 0 | BR18: =IF(AND(M18="пп.7 п.8.8.2. части 8.8.",T18=$BR$15),L18,0) -> 9675 | BS18: =IF(AND(M18="пп.7 п.8.8.2. части 8.8.",T18=$BS$15),L18,0) -> 0 | BT18: =IF(AND(M18="пп.7 п.8.8.2. части 8.8.",T18=$BT$15),L18,0) -> 0 | BU18: =IF(AND(M18="пп.7 п.8.8.2. части 8.8.",T18=$BU$15),L18,0) -> 0 | BV18: =IF(AND(M18="пп.7 п.8.8.2. части 8.8.",T18=$BV$15),L18,0) -> 0 | BW18: =IF(AND(M18="пп.7 п.8.8.2. части 8.8.",T18=$BW$15),L18,0) -> 0 | CB18: =IF(AND(M18="пп.7 п.8.8.2. части 8.8.",T18=$CB$15),L18,0) -> 0
U155: =IF(D155="ЕП",1,0) -> 0 | V155: =IF(D155="ЕП",L155,0) -> 0 | W155: =IF(D155="М",1,0) -> 0 | X155: =IF(D155="М",L155,0) -> 0 | Y155: =IF(D155="ЗЦ",1,0) -> 0 | Z155: =IF(D155="ЗЦ",L155,0) -> 0 | AA155: =IF(D155="К",1,0) -> 0 | AB155: =IF(D155="К",L155,0) -> 0 | AC155: =IF(D155="А",1,0) -> 0 | AD155: =IF(D155="А",L155,0) -> 0 | AE155: =SUM(AF155:DD155) -> 0 | AF155: =IF(AND(M155="пп.7 п.8.8.2. части 8.8.",T155=$AF$15),L155,0) -> 0 | AG155: =IF(AND(M155="пп.7 п.8.8.2. части 8.8.",T155=$AG$15),L155,0) -> 0 | AH155: =IF(AND(M155="пп.7 п.8.8.2. части 8.8.",T155=$AH$15),L155,0) -> 0 | AI155: =IF(AND(M155="пп.7 п.8.8.2. части 8.8.",T155=$AI$15),L155,0) -> 0 | AJ155: =IF(AND(M155="пп.7 п.8.8.2. части 8.8.",T155=$AJ$15),L155,0) -> 0 | AK155: =IF(AND(M155="пп.7 п.8.8.2. части 8.8.",T155=$AK$15),L155,0) -> 0 | AL155: =IF(AND(M155="пп.7 п.8.8.2. части 8.8.",T155=$AL$15),L155,0) -> 0 | AM155: =IF(AND(M155="пп.7 п.8.8.2. части 8.8.",T155=$AM$15),L155,0) -> 0 | AN155: =IF(AND(M155="пп.7 п.8.8.2. части 8.8.",T155=$AN$15),L155,0) -> 0 | AO155: =IF(AND(M155="пп.7 п.8.8.2. части 8.8.",T155=$AO$15),L155,0) -> 0 | AP155: =IF(AND(M155="пп.7 п.8.8.2. части 8.8.",T155=$AP$15),L155,0) -> 0 | AQ155: =IF(AND(M155="пп.7 п.8.8.2. части 8.8.",T155=$AQ$15),L155,0) -> 0 | AR155: =IF(AND(M155="пп.7 п.8.8.2. части 8.8.",T155=$AR$15),L155,0) -> 0 | AS155: =IF(AND(M155="пп.7 п.8.8.2. части 8.8.",T155=$AS$15),L155,0) -> 0 | AT155: =IF(AND(M155="пп.7 п.8.8.2. части 8.8.",T155=$AT$15),L155,0) -> 0 | AU155: =IF(AND(M155="пп.7 п.8.8.2. части 8.8.",T155=$AU$15),L155,0) -> 0 | AV155: =IF(AND(M155="пп.7 п.8.8.2. части 8.8.",T155=$AV$15),L155,0) -> 0 | AW155: =IF(AND(M155="пп.7 п.8.8.2. части 8.8.",T155=$AW$15),L155,0) -> 0 | AX155: =IF(AND(M155="пп.7 п.8.8.2. части 8.8.",T155=$AX$15),L155,0) -> 0 | AY155: =IF(AND(M155="пп.7 п.8.8.2. части 8.8.",T155=$AY$15),L155,0) -> 0 | AZ155: =IF(AND(M155="пп.7 п.8.8.2. части 8.8.",T155=$AZ$15),L155,0) -> 0 | BA155: =IF(AND(M155="пп.7 п.8.8.2. части 8.8.",T155=$BA$15),L155,0) -> 0 | BB155: =IF(AND(M155="пп.7 п.8.8.2. части 8.8.",T155=$BB$15),L155,0) -> 0 | BC155: =IF(AND(M155="пп.7 п.8.8.2. части 8.8.",T155=$BC$15),L155,0) -> 0 | BD155: =IF(AND(M155="пп.7 п.8.8.2. части 8.8.",T155=$BD$15),L155,0) -> 0 | BE155: =IF(AND(M155="пп.7 п.8.8.2. части 8.8.",T155=$BE$15),L155,0) -> 0 | BF155: =IF(AND(M155="пп.7 п.8.8.2. части 8.8.",T155=$BF$15),L155,0) -> 0 | BG155: =IF(AND(M155="пп.7 п.8.8.2. части 8.8.",T155=$BG$15),L155,0) -> 0 | BH155: =IF(AND(M155="пп.7 п.8.8.2. части 8.8.",T155=$BH$15),L155,0) -> 0 | BI155: =IF(AND(M155="пп.7 п.8.8.2. части 8.8.",T155=$BI$15),L155,0) -> 0 | BJ155: =IF(AND(M155="пп.7 п.8.8.2. части 8.8.",T155=$BJ$15),L155,0) -> 0 | BK155: =IF(AND(M155="пп.7 п.8.8.2. части 8.8.",T155=$BK$15),L155,0) -> 0 | BL155: =IF(AND(M155="пп.7 п.8.8.2. части 8.8.",T155=$BL$15),L155,0) -> 0 | BM155: =IF(AND(M155="пп.7 п.8.8.2. части 8.8.",T155=$BM$15),L155,0) -> 0 | BN155: =IF(AND(M155="пп.7 п.8.8.2. части 8.8.",T155=$BN$15),L155,0) -> 0 | BO155: =IF(AND(M155="пп.7 п.8.8.2. части 8.8.",T155=$BO$15),L155,0) -> 0 | BP155: =IF(AND(M155="пп.7 п.8.8.2. части 8.8.",T155=$BP$15),L155,0) -> 0 | BQ155: =IF(AND(M155="пп.7 п.8.8.2. части 8.8.",T155=$BQ$15),L155,0) -> 0 | BR155: =IF(AND(M155="пп.7 п.8.8.2. части 8.8.",T155=$BR$15),L155,0) -> 0 | BS155: =IF(AND(M155="пп.7 п.8.8.2. части 8.8.",T155=$BS$15),L155,0) -> 0 | BT155: =IF(AND(M155="пп.7 п.8.8.2. части 8.8.",T155=$BT$15),L155,0) -> 0 | BU155: =IF(AND(M155="пп.7 п.8.8.2. части 8.8.",T155=$BU$15),L155,0) -> 0 | BV155: =IF(AND(M155="пп.7 п.8.8.2. части 8.8.",T155=$BV$15),L155,0) -> 0 | BW155: =IF(AND(M155="пп.7 п.8.8.2. части 8.8.",T155=$BW$15),L155,0) -> 0 | CB155: =IF(AND(M155="пп.7 п.8.8.2. части 8.8.",T155=$CB$15),L155,0) -> 0
U156: =IF(D156="ЕП",1,0) -> 0 | V156: =IF(D156="ЕП",L156,0) -> 0 | W156: =IF(D156="М",1,0) -> 0 | X156: =IF(D156="М",L156,0) -> 0 | Y156: =IF(D156="ЗЦ",1,0) -> 0 | Z156: =IF(D156="ЗЦ",L156,0) -> 0 | AA156: =IF(D156="К",1,0) -> 0 | AB156: =IF(D156="К",L156,0) -> 0 | AC156: =IF(D156="А",1,0) -> 0 | AD156: =IF(D156="А",L156,0) -> 0 | AE156: =SUM(AF156:DD156) -> 0 | AF156: =IF(AND(M156="пп.7 п.8.8.2. части 8.8.",T156=$AF$15),L156,0) -> 0 | AG156: =IF(AND(M156="пп.7 п.8.8.2. части 8.8.",T156=$AG$15),L156,0) -> 0 | AH156: =IF(AND(M156="пп.7 п.8.8.2. части 8.8.",T156=$AH$15),L156,0) -> 0 | AI156: =IF(AND(M156="пп.7 п.8.8.2. части 8.8.",T156=$AI$15),L156,0) -> 0 | AJ156: =IF(AND(M156="пп.7 п.8.8.2. части 8.8.",T156=$AJ$15),L156,0) -> 0 | AK156: =IF(AND(M156="пп.7 п.8.8.2. части 8.8.",T156=$AK$15),L156,0) -> 0 | AL156: =IF(AND(M156="пп.7 п.8.8.2. части 8.8.",T156=$AL$15),L156,0) -> 0 | AM156: =IF(AND(M156="пп.7 п.8.8.2. части 8.8.",T156=$AM$15),L156,0) -> 0 | AN156: =IF(AND(M156="пп.7 п.8.8.2. части 8.8.",T156=$AN$15),L156,0) -> 0 | AO156: =IF(AND(M156="пп.7 п.8.8.2. части 8.8.",T156=$AO$15),L156,0) -> 0 | AP156: =IF(AND(M156="пп.7 п.8.8.2. части 8.8.",T156=$AP$15),L156,0) -> 0 | AQ156: =IF(AND(M156="пп.7 п.8.8.2. части 8.8.",T156=$AQ$15),L156,0) -> 0 | AR156: =IF(AND(M156="пп.7 п.8.8.2. части 8.8.",T156=$AR$15),L156,0) -> 0 | AS156: =IF(AND(M156="пп.7 п.8.8.2. части 8.8.",T156=$AS$15),L156,0) -> 0 | AT156: =IF(AND(M156="пп.7 п.8.8.2. части 8.8.",T156=$AT$15),L156,0) -> 0 | AU156: =IF(AND(M156="пп.7 п.8.8.2. части 8.8.",T156=$AU$15),L156,0) -> 0 | AV156: =IF(AND(M156="пп.7 п.8.8.2. части 8.8.",T156=$AV$15),L156,0) -> 0 | AW156: =IF(AND(M156="пп.7 п.8.8.2. части 8.8.",T156=$AW$15),L156,0) -> 0 | AX156: =IF(AND(M156="пп.7 п.8.8.2. части 8.8.",T156=$AX$15),L156,0) -> 0 | AY156: =IF(AND(M156="пп.7 п.8.8.2. части 8.8.",T156=$AY$15),L156,0) -> 0 | AZ156: =IF(AND(M156="пп.7 п.8.8.2. части 8.8.",T156=$AZ$15),L156,0) -> 0 | BA156: =IF(AND(M156="пп.7 п.8.8.2. части 8.8.",T156=$BA$15),L156,0) -> 0 | BB156: =IF(AND(M156="пп.7 п.8.8.2. части 8.8.",T156=$BB$15),L156,0) -> 0 | BC156: =IF(AND(M156="пп.7 п.8.8.2. части 8.8.",T156=$BC$15),L156,0) -> 0 | BD156: =IF(AND(M156="пп.7 п.8.8.2. части 8.8.",T156=$BD$15),L156,0) -> 0 | BE156: =IF(AND(M156="пп.7 п.8.8.2. части 8.8.",T156=$BE$15),L156,0) -> 0 | BF156: =IF(AND(M156="пп.7 п.8.8.2. части 8.8.",T156=$BF$15),L156,0) -> 0 | BG156: =IF(AND(M156="пп.7 п.8.8.2. части 8.8.",T156=$BG$15),L156,0) -> 0 | BH156: =IF(AND(M156="пп.7 п.8.8.2. части 8.8.",T156=$BH$15),L156,0) -> 0 | BI156: =IF(AND(M156="пп.7 п.8.8.2. части 8.8.",T156=$BI$15),L156,0) -> 0 | BJ156: =IF(AND(M156="пп.7 п.8.8.2. части 8.8.",T156=$BJ$15),L156,0) -> 0 | BK156: =IF(AND(M156="пп.7 п.8.8.2. части 8.8.",T156=$BK$15),L156,0) -> 0 | BL156: =IF(AND(M156="пп.7 п.8.8.2. части 8.8.",T156=$BL$15),L156,0) -> 0 | BM156: =IF(AND(M156="пп.7 п.8.8.2. части 8.8.",T156=$BM$15),L156,0) -> 0 | BN156: =IF(AND(M156="пп.7 п.8.8.2. части 8.8.",T156=$BN$15),L156,0) -> 0 | BO156: =IF(AND(M156="пп.7 п.8.8.2. части 8.8.",T156=$BO$15),L156,0) -> 0 | BP156: =IF(AND(M156="пп.7 п.8.8.2. части 8.8.",T156=$BP$15),L156,0) -> 0 | BQ156: =IF(AND(M156="пп.7 п.8.8.2. части 8.8.",T156=$BQ$15),L156,0) -> 0 | BR156: =IF(AND(M156="пп.7 п.8.8.2. части 8.8.",T156=$BR$15),L156,0) -> 0 | BS156: =IF(AND(M156="пп.7 п.8.8.2. части 8.8.",T156=$BS$15),L156,0) -> 0 | BT156: =IF(AND(M156="пп.7 п.8.8.2. части 8.8.",T156=$BT$15),L156,0) -> 0 | BU156: =IF(AND(M156="пп.7 п.8.8.2. части 8.8.",T156=$BU$15),L156,0) -> 0 | BV156: =IF(AND(M156="пп.7 п.8.8.2. части 8.8.",T156=$BV$15),L156,0) -> 0 | BW156: =IF(AND(M156="пп.7 п.8.8.2. части 8.8.",T156=$BW$15),L156,0) -> 0 | CB156: =IF(AND(M156="пп.7 п.8.8.2. части 8.8.",T156=$CB$15),L156,0) -> 0
U157: =IF(D157="ЕП",1,0) -> 0 | V157: =IF(D157="ЕП",L157,0) -> 0 | W157: =IF(D157="М",1,0) -> 0 | X157: =IF(D157="М",L157,0) -> 0 | Y157: =IF(D157="ЗЦ",1,0) -> 0 | Z157: =IF(D157="ЗЦ",L157,0) -> 0 | AA157: =IF(D157="К",1,0) -> 0 | AB157: =IF(D157="К",L157,0) -> 0 | AC157: =IF(D157="А",1,0) -> 0 | AD157: =IF(D157="А",L157,0) -> 0 | AE157: =SUM(AF157:DD157) -> 0 | AF157: =IF(AND(M157="пп.7 п.8.8.2. части 8.8.",T157=$AF$15),L157,0) -> 0 | AG157: =IF(AND(M157="пп.7 п.8.8.2. части 8.8.",T157=$AG$15),L157,0) -> 0 | AH157: =IF(AND(M157="пп.7 п.8.8.2. части 8.8.",T157=$AH$15),L157,0) -> 0 | AI157: =IF(AND(M157="пп.7 п.8.8.2. части 8.8.",T157=$AI$15),L157,0) -> 0 | AJ157: =IF(AND(M157="пп.7 п.8.8.2. части 8.8.",T157=$AJ$15),L157,0) -> 0 | AK157: =IF(AND(M157="пп.7 п.8.8.2. части 8.8.",T157=$AK$15),L157,0) -> 0 | AL157: =IF(AND(M157="пп.7 п.8.8.2. части 8.8.",T157=$AL$15),L157,0) -> 0 | AM157: =IF(AND(M157="пп.7 п.8.8.2. части 8.8.",T157=$AM$15),L157,0) -> 0 | AN157: =IF(AND(M157="пп.7 п.8.8.2. части 8.8.",T157=$AN$15),L157,0) -> 0 | AO157: =IF(AND(M157="пп.7 п.8.8.2. части 8.8.",T157=$AO$15),L157,0) -> 0 | AP157: =IF(AND(M157="пп.7 п.8.8.2. части 8.8.",T157=$AP$15),L157,0) -> 0 | AQ157: =IF(AND(M157="пп.7 п.8.8.2. части 8.8.",T157=$AQ$15),L157,0) -> 0 | AR157: =IF(AND(M157="пп.7 п.8.8.2. части 8.8.",T157=$AR$15),L157,0) -> 0 | AS157: =IF(AND(M157="пп.7 п.8.8.2. части 8.8.",T157=$AS$15),L157,0) -> 0 | AT157: =IF(AND(M157="пп.7 п.8.8.2. части 8.8.",T157=$AT$15),L157,0) -> 0 | AU157: =IF(AND(M157="пп.7 п.8.8.2. части 8.8.",T157=$AU$15),L157,0) -> 0 | AV157: =IF(AND(M157="пп.7 п.8.8.2. части 8.8.",T157=$AV$15),L157,0) -> 0 | AW157: =IF(AND(M157="пп.7 п.8.8.2. части 8.8.",T157=$AW$15),L157,0) -> 0 | AX157: =IF(AND(M157="пп.7 п.8.8.2. части 8.8.",T157=$AX$15),L157,0) -> 0 | AY157: =IF(AND(M157="пп.7 п.8.8.2. части 8.8.",T157=$AY$15),L157,0) -> 0 | AZ157: =IF(AND(M157="пп.7 п.8.8.2. части 8.8.",T157=$AZ$15),L157,0) -> 0 | BA157: =IF(AND(M157="пп.7 п.8.8.2. части 8.8.",T157=$BA$15),L157,0) -> 0 | BB157: =IF(AND(M157="пп.7 п.8.8.2. части 8.8.",T157=$BB$15),L157,0) -> 0 | BC157: =IF(AND(M157="пп.7 п.8.8.2. части 8.8.",T157=$BC$15),L157,0) -> 0 | BD157: =IF(AND(M157="пп.7 п.8.8.2. части 8.8.",T157=$BD$15),L157,0) -> 0 | BE157: =IF(AND(M157="пп.7 п.8.8.2. части 8.8.",T157=$BE$15),L157,0) -> 0 | BF157: =IF(AND(M157="пп.7 п.8.8.2. части 8.8.",T157=$BF$15),L157,0) -> 0 | BG157: =IF(AND(M157="пп.7 п.8.8.2. части 8.8.",T157=$BG$15),L157,0) -> 0 | BH157: =IF(AND(M157="пп.7 п.8.8.2. части 8.8.",T157=$BH$15),L157,0) -> 0 | BI157: =IF(AND(M157="пп.7 п.8.8.2. части 8.8.",T157=$BI$15),L157,0) -> 0 | BJ157: =IF(AND(M157="пп.7 п.8.8.2. части 8.8.",T157=$BJ$15),L157,0) -> 0 | BK157: =IF(AND(M157="пп.7 п.8.8.2. части 8.8.",T157=$BK$15),L157,0) -> 0 | BL157: =IF(AND(M157="пп.7 п.8.8.2. части 8.8.",T157=$BL$15),L157,0) -> 0 | BM157: =IF(AND(M157="пп.7 п.8.8.2. части 8.8.",T157=$BM$15),L157,0) -> 0 | BN157: =IF(AND(M157="пп.7 п.8.8.2. части 8.8.",T157=$BN$15),L157,0) -> 0 | BO157: =IF(AND(M157="пп.7 п.8.8.2. части 8.8.",T157=$BO$15),L157,0) -> 0 | BP157: =IF(AND(M157="пп.7 п.8.8.2. части 8.8.",T157=$BP$15),L157,0) -> 0 | BQ157: =IF(AND(M157="пп.7 п.8.8.2. части 8.8.",T157=$BQ$15),L157,0) -> 0 | BR157: =IF(AND(M157="пп.7 п.8.8.2. части 8.8.",T157=$BR$15),L157,0) -> 0 | BS157: =IF(AND(M157="пп.7 п.8.8.2. части 8.8.",T157=$BS$15),L157,0) -> 0 | BT157: =IF(AND(M157="пп.7 п.8.8.2. части 8.8.",T157=$BT$15),L157,0) -> 0 | BU157: =IF(AND(M157="пп.7 п.8.8.2. части 8.8.",T157=$BU$15),L157,0) -> 0 | BV157: =IF(AND(M157="пп.7 п.8.8.2. части 8.8.",T157=$BV$15),L157,0) -> 0 | BW157: =IF(AND(M157="пп.7 п.8.8.2. части 8.8.",T157=$BW$15),L157,0) -> 0 | CB157: =IF(AND(M157="пп.7 п.8.8.2. части 8.8.",T157=$CB$15),L157,0) -> 0
U158: =IF(D158="ЕП",1,0) -> 0 | V158: =IF(D158="ЕП",L158,0) -> 0 | W158: =IF(D158="М",1,0) -> 0 | X158: =IF(D158="М",L158,0) -> 0 | Y158: =IF(D158="ЗЦ",1,0) -> 0 | Z158: =IF(D158="ЗЦ",L158,0) -> 0 | AA158: =IF(D158="К",1,0) -> 0 | AB158: =IF(D158="К",L158,0) -> 0 | AC158: =IF(D158="А",1,0) -> 0 | AD158: =IF(D158="А",L158,0) -> 0 | AE158: =SUM(AF158:DD158) -> 0 | AF158: =IF(AND(M158="пп.7 п.8.8.2. части 8.8.",T158=$AF$15),L158,0) -> 0 | AG158: =IF(AND(M158="пп.7 п.8.8.2. части 8.8.",T158=$AG$15),L158,0) -> 0 | AH158: =IF(AND(M158="пп.7 п.8.8.2. части 8.8.",T158=$AH$15),L158,0) -> 0 | AI158: =IF(AND(M158="пп.7 п.8.8.2. части 8.8.",T158=$AI$15),L158,0) -> 0 | AJ158: =IF(AND(M158="пп.7 п.8.8.2. части 8.8.",T158=$AJ$15),L158,0) -> 0 | AK158: =IF(AND(M158="пп.7 п.8.8.2. части 8.8.",T158=$AK$15),L158,0) -> 0 | AL158: =IF(AND(M158="пп.7 п.8.8.2. части 8.8.",T158=$AL$15),L158,0) -> 0 | AM158: =IF(AND(M158="пп.7 п.8.8.2. части 8.8.",T158=$AM$15),L158,0) -> 0 | AN158: =IF(AND(M158="пп.7 п.8.8.2. части 8.8.",T158=$AN$15),L158,0) -> 0 | AO158: =IF(AND(M158="пп.7 п.8.8.2. части 8.8.",T158=$AO$15),L158,0) -> 0 | AP158: =IF(AND(M158="пп.7 п.8.8.2. части 8.8.",T158=$AP$15),L158,0) -> 0 | AQ158: =IF(AND(M158="пп.7 п.8.8.2. части 8.8.",T158=$AQ$15),L158,0) -> 0 | AR158: =IF(AND(M158="пп.7 п.8.8.2. части 8.8.",T158=$AR$15),L158,0) -> 0 | AS158: =IF(AND(M158="пп.7 п.8.8.2. части 8.8.",T158=$AS$15),L158,0) -> 0 | AT158: =IF(AND(M158="пп.7 п.8.8.2. части 8.8.",T158=$AT$15),L158,0) -> 0 | AU158: =IF(AND(M158="пп.7 п.8.8.2. части 8.8.",T158=$AU$15),L158,0) -> 0 | AV158: =IF(AND(M158="пп.7 п.8.8.2. части 8.8.",T158=$AV$15),L158,0) -> 0 | AW158: =IF(AND(M158="пп.7 п.8.8.2. части 8.8.",T158=$AW$15),L158,0) -> 0 | AX158: =IF(AND(M158="пп.7 п.8.8.2. части 8.8.",T158=$AX$15),L158,0) -> 0 | AY158: =IF(AND(M158="пп.7 п.8.8.2. части 8.8.",T158=$AY$15),L158,0) -> 0 | AZ158: =IF(AND(M158="пп.7 п.8.8.2. части 8.8.",T158=$AZ$15),L158,0) -> 0 | BA158: =IF(AND(M158="пп.7 п.8.8.2. части 8.8.",T158=$BA$15),L158,0) -> 0 | BB158: =IF(AND(M158="пп.7 п.8.8.2. части 8.8.",T158=$BB$15),L158,0) -> 0 | BC158: =IF(AND(M158="пп.7 п.8.8.2. части 8.8.",T158=$BC$15),L158,0) -> 0 | BD158: =IF(AND(M158="пп.7 п.8.8.2. части 8.8.",T158=$BD$15),L158,0) -> 0 | BE158: =IF(AND(M158="пп.7 п.8.8.2. части 8.8.",T158=$BE$15),L158,0) -> 0 | BF158: =IF(AND(M158="пп.7 п.8.8.2. части 8.8.",T158=$BF$15),L158,0) -> 0 | BG158: =IF(AND(M158="пп.7 п.8.8.2. части 8.8.",T158=$BG$15),L158,0) -> 0 | BH158: =IF(AND(M158="пп.7 п.8.8.2. части 8.8.",T158=$BH$15),L158,0) -> 0 | BI158: =IF(AND(M158="пп.7 п.8.8.2. части 8.8.",T158=$BI$15),L158,0) -> 0 | BJ158: =IF(AND(M158="пп.7 п.8.8.2. части 8.8.",T158=$BJ$15),L158,0) -> 0 | BK158: =IF(AND(M158="пп.7 п.8.8.2. части 8.8.",T158=$BK$15),L158,0) -> 0 | BL158: =IF(AND(M158="пп.7 п.8.8.2. части 8.8.",T158=$BL$15),L158,0) -> 0 | BM158: =IF(AND(M158="пп.7 п.8.8.2. части 8.8.",T158=$BM$15),L158,0) -> 0 | BN158: =IF(AND(M158="пп.7 п.8.8.2. части 8.8.",T158=$BN$15),L158,0) -> 0 | BO158: =IF(AND(M158="пп.7 п.8.8.2. части 8.8.",T158=$BO$15),L158,0) -> 0 | BP158: =IF(AND(M158="пп.7 п.8.8.2. части 8.8.",T158=$BP$15),L158,0) -> 0 | BQ158: =IF(AND(M158="пп.7 п.8.8.2. части 8.8.",T158=$BQ$15),L158,0) -> 0 | BR158: =IF(AND(M158="пп.7 п.8.8.2. части 8.8.",T158=$BR$15),L158,0) -> 0 | BS158: =IF(AND(M158="пп.7 п.8.8.2. части 8.8.",T158=$BS$15),L158,0) -> 0 | BT158: =IF(AND(M158="пп.7 п.8.8.2. части 8.8.",T158=$BT$15),L158,0) -> 0 | BU158: =IF(AND(M158="пп.7 п.8.8.2. части 8.8.",T158=$BU$15),L158,0) -> 0 | BV158: =IF(AND(M158="пп.7 п.8.8.2. части 8.8.",T158=$BV$15),L158,0) -> 0 | BW158: =IF(AND(M158="пп.7 п.8.8.2. части 8.8.",T158=$BW$15),L158,0) -> 0 | CB158: =IF(AND(M158="пп.7 п.8.8.2. части 8.8.",T158=$CB$15),L158,0) -> 0
U159: =IF(D159="ЕП",1,0) -> 0 | V159: =IF(D159="ЕП",L159,0) -> 0 | W159: =IF(D159="М",1,0) -> 0 | X159: =IF(D159="М",L159,0) -> 0 | Y159: =IF(D159="ЗЦ",1,0) -> 0 | Z159: =IF(D159="ЗЦ",L159,0) -> 0 | AA159: =IF(D159="К",1,0) -> 0 | AB159: =IF(D159="К",L159,0) -> 0 | AC159: =IF(D159="А",1,0) -> 0 | AD159: =IF(D159="А",L159,0) -> 0 | AE159: =SUM(AF159:DD159) -> 0 | AF159: =IF(AND(M159="пп.7 п.8.8.2. части 8.8.",T159=$AF$15),L159,0) -> 0 | AG159: =IF(AND(M159="пп.7 п.8.8.2. части 8.8.",T159=$AG$15),L159,0) -> 0 | AH159: =IF(AND(M159="пп.7 п.8.8.2. части 8.8.",T159=$AH$15),L159,0) -> 0 | AI159: =IF(AND(M159="пп.7 п.8.8.2. части 8.8.",T159=$AI$15),L159,0) -> 0 | AJ159: =IF(AND(M159="пп.7 п.8.8.2. части 8.8.",T159=$AJ$15),L159,0) -> 0 | AK159: =IF(AND(M159="пп.7 п.8.8.2. части 8.8.",T159=$AK$15),L159,0) -> 0 | AL159: =IF(AND(M159="пп.7 п.8.8.2. части 8.8.",T159=$AL$15),L159,0) -> 0 | AM159: =IF(AND(M159="пп.7 п.8.8.2. части 8.8.",T159=$AM$15),L159,0) -> 0 | AN159: =IF(AND(M159="пп.7 п.8.8.2. части 8.8.",T159=$AN$15),L159,0) -> 0 | AO159: =IF(AND(M159="пп.7 п.8.8.2. части 8.8.",T159=$AO$15),L159,0) -> 0 | AP159: =IF(AND(M159="пп.7 п.8.8.2. части 8.8.",T159=$AP$15),L159,0) -> 0 | AQ159: =IF(AND(M159="пп.7 п.8.8.2. части 8.8.",T159=$AQ$15),L159,0) -> 0 | AR159: =IF(AND(M159="пп.7 п.8.8.2. части 8.8.",T159=$AR$15),L159,0) -> 0 | AS159: =IF(AND(M159="пп.7 п.8.8.2. части 8.8.",T159=$AS$15),L159,0) -> 0 | AT159: =IF(AND(M159="пп.7 п.8.8.2. части 8.8.",T159=$AT$15),L159,0) -> 0 | AU159: =IF(AND(M159="пп.7 п.8.8.2. части 8.8.",T159=$AU$15),L159,0) -> 0 | AV159: =IF(AND(M159="пп.7 п.8.8.2. части 8.8.",T159=$AV$15),L159,0) -> 0 | AW159: =IF(AND(M159="пп.7 п.8.8.2. части 8.8.",T159=$AW$15),L159,0) -> 0 | AX159: =IF(AND(M159="пп.7 п.8.8.2. части 8.8.",T159=$AX$15),L159,0) -> 0 | AY159: =IF(AND(M159="пп.7 п.8.8.2. части 8.8.",T159=$AY$15),L159,0) -> 0 | AZ159: =IF(AND(M159="пп.7 п.8.8.2. части 8.8.",T159=$AZ$15),L159,0) -> 0 | BA159: =IF(AND(M159="пп.7 п.8.8.2. части 8.8.",T159=$BA$15),L159,0) -> 0 | BB159: =IF(AND(M159="пп.7 п.8.8.2. части 8.8.",T159=$BB$15),L159,0) -> 0 | BC159: =IF(AND(M159="пп.7 п.8.8.2. части 8.8.",T159=$BC$15),L159,0) -> 0 | BD159: =IF(AND(M159="пп.7 п.8.8.2. части 8.8.",T159=$BD$15),L159,0) -> 0 | BE159: =IF(AND(M159="пп.7 п.8.8.2. части 8.8.",T159=$BE$15),L159,0) -> 0 | BF159: =IF(AND(M159="пп.7 п.8.8.2. части 8.8.",T159=$BF$15),L159,0) -> 0 | BG159: =IF(AND(M159="пп.7 п.8.8.2. части 8.8.",T159=$BG$15),L159,0) -> 0 | BH159: =IF(AND(M159="пп.7 п.8.8.2. части 8.8.",T159=$BH$15),L159,0) -> 0 | BI159: =IF(AND(M159="пп.7 п.8.8.2. части 8.8.",T159=$BI$15),L159,0) -> 0 | BJ159: =IF(AND(M159="пп.7 п.8.8.2. части 8.8.",T159=$BJ$15),L159,0) -> 0 | BK159: =IF(AND(M159="пп.7 п.8.8.2. части 8.8.",T159=$BK$15),L159,0) -> 0 | BL159: =IF(AND(M159="пп.7 п.8.8.2. части 8.8.",T159=$BL$15),L159,0) -> 0 | BM159: =IF(AND(M159="пп.7 п.8.8.2. части 8.8.",T159=$BM$15),L159,0) -> 0 | BN159: =IF(AND(M159="пп.7 п.8.8.2. части 8.8.",T159=$BN$15),L159,0) -> 0 | BO159: =IF(AND(M159="пп.7 п.8.8.2. части 8.8.",T159=$BO$15),L159,0) -> 0 | BP159: =IF(AND(M159="пп.7 п.8.8.2. части 8.8.",T159=$BP$15),L159,0) -> 0 | BQ159: =IF(AND(M159="пп.7 п.8.8.2. части 8.8.",T159=$BQ$15),L159,0) -> 0 | BR159: =IF(AND(M159="пп.7 п.8.8.2. части 8.8.",T159=$BR$15),L159,0) -> 0 | BS159: =IF(AND(M159="пп.7 п.8.8.2. части 8.8.",T159=$BS$15),L159,0) -> 0 | BT159: =IF(AND(M159="пп.7 п.8.8.2. части 8.8.",T159=$BT$15),L159,0) -> 0 | BU159: =IF(AND(M159="пп.7 п.8.8.2. части 8.8.",T159=$BU$15),L159,0) -> 0 | BV159: =IF(AND(M159="пп.7 п.8.8.2. части 8.8.",T159=$BV$15),L159,0) -> 0 | BW159: =IF(AND(M159="пп.7 п.8.8.2. части 8.8.",T159=$BW$15),L159,0) -> 0 | CB159: =IF(AND(M159="пп.7 п.8.8.2. части 8.8.",T159=$CB$15),L159,0) -> 0
U160: =IF(D160="ЕП",1,0) -> 0 | V160: =IF(D160="ЕП",L160,0) -> 0 | W160: =IF(D160="М",1,0) -> 0 | X160: =IF(D160="М",L160,0) -> 0 | Y160: =IF(D160="ЗЦ",1,0) -> 0 | Z160: =IF(D160="ЗЦ",L160,0) -> 0 | AA160: =IF(D160="К",1,0) -> 0 | AB160: =IF(D160="К",L160,0) -> 0 | AC160: =IF(D160="А",1,0) -> 0 | AD160: =IF(D160="А",L160,0) -> 0 | AE160: =SUM(AF160:DD160) -> 0 | AF160: =IF(AND(M160="пп.7 п.8.8.2. части 8.8.",T160=$AF$15),L160,0) -> 0 | AG160: =IF(AND(M160="пп.7 п.8.8.2. части 8.8.",T160=$AG$15),L160,0) -> 0 | AH160: =IF(AND(M160="пп.7 п.8.8.2. части 8.8.",T160=$AH$15),L160,0) -> 0 | AI160: =IF(AND(M160="пп.7 п.8.8.2. части 8.8.",T160=$AI$15),L160,0) -> 0 | AJ160: =IF(AND(M160="пп.7 п.8.8.2. части 8.8.",T160=$AJ$15),L160,0) -> 0 | AK160: =IF(AND(M160="пп.7 п.8.8.2. части 8.8.",T160=$AK$15),L160,0) -> 0 | AL160: =IF(AND(M160="пп.7 п.8.8.2. части 8.8.",T160=$AL$15),L160,0) -> 0 | AM160: =IF(AND(M160="пп.7 п.8.8.2. части 8.8.",T160=$AM$15),L160,0) -> 0 | AN160: =IF(AND(M160="пп.7 п.8.8.2. части 8.8.",T160=$AN$15),L160,0) -> 0 | AO160: =IF(AND(M160="пп.7 п.8.8.2. части 8.8.",T160=$AO$15),L160,0) -> 0 | AP160: =IF(AND(M160="пп.7 п.8.8.2. части 8.8.",T160=$AP$15),L160,0) -> 0 | AQ160: =IF(AND(M160="пп.7 п.8.8.2. части 8.8.",T160=$AQ$15),L160,0) -> 0 | AR160: =IF(AND(M160="пп.7 п.8.8.2. части 8.8.",T160=$AR$15),L160,0) -> 0 | AS160: =IF(AND(M160="пп.7 п.8.8.2. части 8.8.",T160=$AS$15),L160,0) -> 0 | AT160: =IF(AND(M160="пп.7 п.8.8.2. части 8.8.",T160=$AT$15),L160,0) -> 0 | AU160: =IF(AND(M160="пп.7 п.8.8.2. части 8.8.",T160=$AU$15),L160,0) -> 0 | AV160: =IF(AND(M160="пп.7 п.8.8.2. части 8.8.",T160=$AV$15),L160,0) -> 0 | AW160: =IF(AND(M160="пп.7 п.8.8.2. части 8.8.",T160=$AW$15),L160,0) -> 0 | AX160: =IF(AND(M160="пп.7 п.8.8.2. части 8.8.",T160=$AX$15),L160,0) -> 0 | AY160: =IF(AND(M160="пп.7 п.8.8.2. части 8.8.",T160=$AY$15),L160,0) -> 0 | AZ160: =IF(AND(M160="пп.7 п.8.8.2. части 8.8.",T160=$AZ$15),L160,0) -> 0 | BA160: =IF(AND(M160="пп.7 п.8.8.2. части 8.8.",T160=$BA$15),L160,0) -> 0 | BB160: =IF(AND(M160="пп.7 п.8.8.2. части 8.8.",T160=$BB$15),L160,0) -> 0 | BC160: =IF(AND(M160="пп.7 п.8.8.2. части 8.8.",T160=$BC$15),L160,0) -> 0 | BD160: =IF(AND(M160="пп.7 п.8.8.2. части 8.8.",T160=$BD$15),L160,0) -> 0 | BE160: =IF(AND(M160="пп.7 п.8.8.2. части 8.8.",T160=$BE$15),L160,0) -> 0 | BF160: =IF(AND(M160="пп.7 п.8.8.2. части 8.8.",T160=$BF$15),L160,0) -> 0 | BG160: =IF(AND(M160="пп.7 п.8.8.2. части 8.8.",T160=$BG$15),L160,0) -> 0 | BH160: =IF(AND(M160="пп.7 п.8.8.2. части 8.8.",T160=$BH$15),L160,0) -> 0 | BI160: =IF(AND(M160="пп.7 п.8.8.2. части 8.8.",T160=$BI$15),L160,0) -> 0 | BJ160: =IF(AND(M160="пп.7 п.8.8.2. части 8.8.",T160=$BJ$15),L160,0) -> 0 | BK160: =IF(AND(M160="пп.7 п.8.8.2. части 8.8.",T160=$BK$15),L160,0) -> 0 | BL160: =IF(AND(M160="пп.7 п.8.8.2. части 8.8.",T160=$BL$15),L160,0) -> 0 | BM160: =IF(AND(M160="пп.7 п.8.8.2. части 8.8.",T160=$BM$15),L160,0) -> 0 | BN160: =IF(AND(M160="пп.7 п.8.8.2. части 8.8.",T160=$BN$15),L160,0) -> 0 | BO160: =IF(AND(M160="пп.7 п.8.8.2. части 8.8.",T160=$BO$15),L160,0) -> 0 | BP160: =IF(AND(M160="пп.7 п.8.8.2. части 8.8.",T160=$BP$15),L160,0) -> 0 | BQ160: =IF(AND(M160="пп.7 п.8.8.2. части 8.8.",T160=$BQ$15),L160,0) -> 0 | BR160: =IF(AND(M160="пп.7 п.8.8.2. части 8.8.",T160=$BR$15),L160,0) -> 0 | BS160: =IF(AND(M160="пп.7 п.8.8.2. части 8.8.",T160=$BS$15),L160,0) -> 0 | BT160: =IF(AND(M160="пп.7 п.8.8.2. части 8.8.",T160=$BT$15),L160,0) -> 0 | BU160: =IF(AND(M160="пп.7 п.8.8.2. части 8.8.",T160=$BU$15),L160,0) -> 0 | BV160: =IF(AND(M160="пп.7 п.8.8.2. части 8.8.",T160=$BV$15),L160,0) -> 0 | BW160: =IF(AND(M160="пп.7 п.8.8.2. части 8.8.",T160=$BW$15),L160,0) -> 0 | CB160: =IF(AND(M160="пп.7 п.8.8.2. части 8.8.",T160=$CB$15),L160,0) -> 0
U161: =IF(D161="ЕП",1,0) -> 0 | V161: =IF(D161="ЕП",L161,0) -> 0 | W161: =IF(D161="М",1,0) -> 0 | X161: =IF(D161="М",L161,0) -> 0 | Y161: =IF(D161="ЗЦ",1,0) -> 0 | Z161: =IF(D161="ЗЦ",L161,0) -> 0 | AA161: =IF(D161="К",1,0) -> 0 | AB161: =IF(D161="К",L161,0) -> 0 | AC161: =IF(D161="А",1,0) -> 0 | AD161: =IF(D161="А",L161,0) -> 0 | AE161: =SUM(AF161:DD161) -> 0 | AF161: =IF(AND(M161="пп.7 п.8.8.2. части 8.8.",T161=$AF$15),L161,0) -> 0 | AG161: =IF(AND(M161="пп.7 п.8.8.2. части 8.8.",T161=$AG$15),L161,0) -> 0 | AH161: =IF(AND(M161="пп.7 п.8.8.2. части 8.8.",T161=$AH$15),L161,0) -> 0 | AI161: =IF(AND(M161="пп.7 п.8.8.2. части 8.8.",T161=$AI$15),L161,0) -> 0 | AJ161: =IF(AND(M161="пп.7 п.8.8.2. части 8.8.",T161=$AJ$15),L161,0) -> 0 | AK161: =IF(AND(M161="пп.7 п.8.8.2. части 8.8.",T161=$AK$15),L161,0) -> 0 | AL161: =IF(AND(M161="пп.7 п.8.8.2. части 8.8.",T161=$AL$15),L161,0) -> 0 | AM161: =IF(AND(M161="пп.7 п.8.8.2. части 8.8.",T161=$AM$15),L161,0) -> 0 | AN161: =IF(AND(M161="пп.7 п.8.8.2. части 8.8.",T161=$AN$15),L161,0) -> 0 | AO161: =IF(AND(M161="пп.7 п.8.8.2. части 8.8.",T161=$AO$15),L161,0) -> 0 | AP161: =IF(AND(M161="пп.7 п.8.8.2. части 8.8.",T161=$AP$15),L161,0) -> 0 | AQ161: =IF(AND(M161="пп.7 п.8.8.2. части 8.8.",T161=$AQ$15),L161,0) -> 0 | AR161: =IF(AND(M161="пп.7 п.8.8.2. части 8.8.",T161=$AR$15),L161,0) -> 0 | AS161: =IF(AND(M161="пп.7 п.8.8.2. части 8.8.",T161=$AS$15),L161,0) -> 0 | AT161: =IF(AND(M161="пп.7 п.8.8.2. части 8.8.",T161=$AT$15),L161,0) -> 0 | AU161: =IF(AND(M161="пп.7 п.8.8.2. части 8.8.",T161=$AU$15),L161,0) -> 0 | AV161: =IF(AND(M161="пп.7 п.8.8.2. части 8.8.",T161=$AV$15),L161,0) -> 0 | AW161: =IF(AND(M161="пп.7 п.8.8.2. части 8.8.",T161=$AW$15),L161,0) -> 0 | AX161: =IF(AND(M161="пп.7 п.8.8.2. части 8.8.",T161=$AX$15),L161,0) -> 0 | AY161: =IF(AND(M161="пп.7 п.8.8.2. части 8.8.",T161=$AY$15),L161,0) -> 0 | AZ161: =IF(AND(M161="пп.7 п.8.8.2. части 8.8.",T161=$AZ$15),L161,0) -> 0 | BA161: =IF(AND(M161="пп.7 п.8.8.2. части 8.8.",T161=$BA$15),L161,0) -> 0 | BB161: =IF(AND(M161="пп.7 п.8.8.2. части 8.8.",T161=$BB$15),L161,0) -> 0 | BC161: =IF(AND(M161="пп.7 п.8.8.2. части 8.8.",T161=$BC$15),L161,0) -> 0 | BD161: =IF(AND(M161="пп.7 п.8.8.2. части 8.8.",T161=$BD$15),L161,0) -> 0 | BE161: =IF(AND(M161="пп.7 п.8.8.2. части 8.8.",T161=$BE$15),L161,0) -> 0 | BF161: =IF(AND(M161="пп.7 п.8.8.2. части 8.8.",T161=$BF$15),L161,0) -> 0 | BG161: =IF(AND(M161="пп.7 п.8.8.2. части 8.8.",T161=$BG$15),L161,0) -> 0 | BH161: =IF(AND(M161="пп.7 п.8.8.2. части 8.8.",T161=$BH$15),L161,0) -> 0 | BI161: =IF(AND(M161="пп.7 п.8.8.2. части 8.8.",T161=$BI$15),L161,0) -> 0 | BJ161: =IF(AND(M161="пп.7 п.8.8.2. части 8.8.",T161=$BJ$15),L161,0) -> 0 | BK161: =IF(AND(M161="пп.7 п.8.8.2. части 8.8.",T161=$BK$15),L161,0) -> 0 | BL161: =IF(AND(M161="пп.7 п.8.8.2. части 8.8.",T161=$BL$15),L161,0) -> 0 | BM161: =IF(AND(M161="пп.7 п.8.8.2. части 8.8.",T161=$BM$15),L161,0) -> 0 | BN161: =IF(AND(M161="пп.7 п.8.8.2. части 8.8.",T161=$BN$15),L161,0) -> 0 | BO161: =IF(AND(M161="пп.7 п.8.8.2. части 8.8.",T161=$BO$15),L161,0) -> 0 | BP161: =IF(AND(M161="пп.7 п.8.8.2. части 8.8.",T161=$BP$15),L161,0) -> 0 | BQ161: =IF(AND(M161="пп.7 п.8.8.2. части 8.8.",T161=$BQ$15),L161,0) -> 0 | BR161: =IF(AND(M161="пп.7 п.8.8.2. части 8.8.",T161=$BR$15),L161,0) -> 0 | BS161: =IF(AND(M161="пп.7 п.8.8.2. части 8.8.",T161=$BS$15),L161,0) -> 0 | BT161: =IF(AND(M161="пп.7 п.8.8.2. части 8.8.",T161=$BT$15),L161,0) -> 0 | BU161: =IF(AND(M161="пп.7 п.8.8.2. части 8.8.",T161=$BU$15),L161,0) -> 0 | BV161: =IF(AND(M161="пп.7 п.8.8.2. части 8.8.",T161=$BV$15),L161,0) -> 0 | BW161: =IF(AND(M161="пп.7 п.8.8.2. части 8.8.",T161=$BW$15),L161,0) -> 0 | CB161: =IF(AND(M161="пп.7 п.8.8.2. части 8.8.",T161=$CB$15),L161,0) -> 0
U162: =IF(D162="ЕП",1,0) -> 0 | V162: =IF(D162="ЕП",L162,0) -> 0 | W162: =IF(D162="М",1,0) -> 0 | X162: =IF(D162="М",L162,0) -> 0 | Y162: =IF(D162="ЗЦ",1,0) -> 0 | Z162: =IF(D162="ЗЦ",L162,0) -> 0 | AA162: =IF(D162="К",1,0) -> 0 | AB162: =IF(D162="К",L162,0) -> 0 | AC162: =IF(D162="А",1,0) -> 0 | AD162: =IF(D162="А",L162,0) -> 0 | AE162: =SUM(AF162:DD162) -> 0 | AF162: =IF(AND(M162="пп.7 п.8.8.2. части 8.8.",T162=$AF$15),L162,0) -> 0 | AG162: =IF(AND(M162="пп.7 п.8.8.2. части 8.8.",T162=$AG$15),L162,0) -> 0 | AH162: =IF(AND(M162="пп.7 п.8.8.2. части 8.8.",T162=$AH$15),L162,0) -> 0 | AI162: =IF(AND(M162="пп.7 п.8.8.2. части 8.8.",T162=$AI$15),L162,0) -> 0 | AJ162: =IF(AND(M162="пп.7 п.8.8.2. части 8.8.",T162=$AJ$15),L162,0) -> 0 | AK162: =IF(AND(M162="пп.7 п.8.8.2. части 8.8.",T162=$AK$15),L162,0) -> 0 | AL162: =IF(AND(M162="пп.7 п.8.8.2. части 8.8.",T162=$AL$15),L162,0) -> 0 | AM162: =IF(AND(M162="пп.7 п.8.8.2. части 8.8.",T162=$AM$15),L162,0) -> 0 | AN162: =IF(AND(M162="пп.7 п.8.8.2. части 8.8.",T162=$AN$15),L162,0) -> 0 | AO162: =IF(AND(M162="пп.7 п.8.8.2. части 8.8.",T162=$AO$15),L162,0) -> 0 | AP162: =IF(AND(M162="пп.7 п.8.8.2. части 8.8.",T162=$AP$15),L162,0) -> 0 | AQ162: =IF(AND(M162="пп.7 п.8.8.2. части 8.8.",T162=$AQ$15),L162,0) -> 0 | AR162: =IF(AND(M162="пп.7 п.8.8.2. части 8.8.",T162=$AR$15),L162,0) -> 0 | AS162: =IF(AND(M162="пп.7 п.8.8.2. части 8.8.",T162=$AS$15),L162,0) -> 0 | AT162: =IF(AND(M162="пп.7 п.8.8.2. части 8.8.",T162=$AT$15),L162,0) -> 0 | AU162: =IF(AND(M162="пп.7 п.8.8.2. части 8.8.",T162=$AU$15),L162,0) -> 0 | AV162: =IF(AND(M162="пп.7 п.8.8.2. части 8.8.",T162=$AV$15),L162,0) -> 0 | AW162: =IF(AND(M162="пп.7 п.8.8.2. части 8.8.",T162=$AW$15),L162,0) -> 0 | AX162: =IF(AND(M162="пп.7 п.8.8.2. части 8.8.",T162=$AX$15),L162,0) -> 0 | AY162: =IF(AND(M162="пп.7 п.8.8.2. части 8.8.",T162=$AY$15),L162,0) -> 0 | AZ162: =IF(AND(M162="пп.7 п.8.8.2. части 8.8.",T162=$AZ$15),L162,0) -> 0 | BA162: =IF(AND(M162="пп.7 п.8.8.2. части 8.8.",T162=$BA$15),L162,0) -> 0 | BB162: =IF(AND(M162="пп.7 п.8.8.2. части 8.8.",T162=$BB$15),L162,0) -> 0 | BC162: =IF(AND(M162="пп.7 п.8.8.2. части 8.8.",T162=$BC$15),L162,0) -> 0 | BD162: =IF(AND(M162="пп.7 п.8.8.2. части 8.8.",T162=$BD$15),L162,0) -> 0 | BE162: =IF(AND(M162="пп.7 п.8.8.2. части 8.8.",T162=$BE$15),L162,0) -> 0 | BF162: =IF(AND(M162="пп.7 п.8.8.2. части 8.8.",T162=$BF$15),L162,0) -> 0 | BG162: =IF(AND(M162="пп.7 п.8.8.2. части 8.8.",T162=$BG$15),L162,0) -> 0 | BH162: =IF(AND(M162="пп.7 п.8.8.2. части 8.8.",T162=$BH$15),L162,0) -> 0 | BI162: =IF(AND(M162="пп.7 п.8.8.2. части 8.8.",T162=$BI$15),L162,0) -> 0 | BJ162: =IF(AND(M162="пп.7 п.8.8.2. части 8.8.",T162=$BJ$15),L162,0) -> 0 | BK162: =IF(AND(M162="пп.7 п.8.8.2. части 8.8.",T162=$BK$15),L162,0) -> 0 | BL162: =IF(AND(M162="пп.7 п.8.8.2. части 8.8.",T162=$BL$15),L162,0) -> 0 | BM162: =IF(AND(M162="пп.7 п.8.8.2. части 8.8.",T162=$BM$15),L162,0) -> 0 | BN162: =IF(AND(M162="пп.7 п.8.8.2. части 8.8.",T162=$BN$15),L162,0) -> 0 | BO162: =IF(AND(M162="пп.7 п.8.8.2. части 8.8.",T162=$BO$15),L162,0) -> 0 | BP162: =IF(AND(M162="пп.7 п.8.8.2. части 8.8.",T162=$BP$15),L162,0) -> 0 | BQ162: =IF(AND(M162="пп.7 п.8.8.2. части 8.8.",T162=$BQ$15),L162,0) -> 0 | BR162: =IF(AND(M162="пп.7 п.8.8.2. части 8.8.",T162=$BR$15),L162,0) -> 0 | BS162: =IF(AND(M162="пп.7 п.8.8.2. части 8.8.",T162=$BS$15),L162,0) -> 0 | BT162: =IF(AND(M162="пп.7 п.8.8.2. части 8.8.",T162=$BT$15),L162,0) -> 0 | BU162: =IF(AND(M162="пп.7 п.8.8.2. части 8.8.",T162=$BU$15),L162,0) -> 0 | BV162: =IF(AND(M162="пп.7 п.8.8.2. части 8.8.",T162=$BV$15),L162,0) -> 0 | BW162: =IF(AND(M162="пп.7 п.8.8.2. части 8.8.",T162=$BW$15),L162,0) -> 0 | CB162: =IF(AND(M162="пп.7 п.8.8.2. части 8.8.",T162=$CB$15),L162,0) -> 0
U163: =IF(D163="ЕП",1,0) -> 0 | V163: =IF(D163="ЕП",L163,0) -> 0 | W163: =IF(D163="М",1,0) -> 0 | X163: =IF(D163="М",L163,0) -> 0 | Y163: =IF(D163="ЗЦ",1,0) -> 0 | Z163: =IF(D163="ЗЦ",L163,0) -> 0 | AA163: =IF(D163="К",1,0) -> 0 | AB163: =IF(D163="К",L163,0) -> 0 | AC163: =IF(D163="А",1,0) -> 0 | AD163: =IF(D163="А",L163,0) -> 0 | AE163: =SUM(AF163:DD163) -> 0 | AF163: =IF(AND(M163="пп.7 п.8.8.2. части 8.8.",T163=$AF$15),L163,0) -> 0 | AG163: =IF(AND(M163="пп.7 п.8.8.2. части 8.8.",T163=$AG$15),L163,0) -> 0 | AH163: =IF(AND(M163="пп.7 п.8.8.2. части 8.8.",T163=$AH$15),L163,0) -> 0 | AI163: =IF(AND(M163="пп.7 п.8.8.2. части 8.8.",T163=$AI$15),L163,0) -> 0 | AJ163: =IF(AND(M163="пп.7 п.8.8.2. части 8.8.",T163=$AJ$15),L163,0) -> 0 | AK163: =IF(AND(M163="пп.7 п.8.8.2. части 8.8.",T163=$AK$15),L163,0) -> 0 | AL163: =IF(AND(M163="пп.7 п.8.8.2. части 8.8.",T163=$AL$15),L163,0) -> 0 | AM163: =IF(AND(M163="пп.7 п.8.8.2. части 8.8.",T163=$AM$15),L163,0) -> 0 | AN163: =IF(AND(M163="пп.7 п.8.8.2. части 8.8.",T163=$AN$15),L163,0) -> 0 | AO163: =IF(AND(M163="пп.7 п.8.8.2. части 8.8.",T163=$AO$15),L163,0) -> 0 | AP163: =IF(AND(M163="пп.7 п.8.8.2. части 8.8.",T163=$AP$15),L163,0) -> 0 | AQ163: =IF(AND(M163="пп.7 п.8.8.2. части 8.8.",T163=$AQ$15),L163,0) -> 0 | AR163: =IF(AND(M163="пп.7 п.8.8.2. части 8.8.",T163=$AR$15),L163,0) -> 0 | AS163: =IF(AND(M163="пп.7 п.8.8.2. части 8.8.",T163=$AS$15),L163,0) -> 0 | AT163: =IF(AND(M163="пп.7 п.8.8.2. части 8.8.",T163=$AT$15),L163,0) -> 0 | AU163: =IF(AND(M163="пп.7 п.8.8.2. части 8.8.",T163=$AU$15),L163,0) -> 0 | AV163: =IF(AND(M163="пп.7 п.8.8.2. части 8.8.",T163=$AV$15),L163,0) -> 0 | AW163: =IF(AND(M163="пп.7 п.8.8.2. части 8.8.",T163=$AW$15),L163,0) -> 0 | AX163: =IF(AND(M163="пп.7 п.8.8.2. части 8.8.",T163=$AX$15),L163,0) -> 0 | AY163: =IF(AND(M163="пп.7 п.8.8.2. части 8.8.",T163=$AY$15),L163,0) -> 0 | AZ163: =IF(AND(M163="пп.7 п.8.8.2. части 8.8.",T163=$AZ$15),L163,0) -> 0 | BA163: =IF(AND(M163="пп.7 п.8.8.2. части 8.8.",T163=$BA$15),L163,0) -> 0 | BB163: =IF(AND(M163="пп.7 п.8.8.2. части 8.8.",T163=$BB$15),L163,0) -> 0 | BC163: =IF(AND(M163="пп.7 п.8.8.2. части 8.8.",T163=$BC$15),L163,0) -> 0 | BD163: =IF(AND(M163="пп.7 п.8.8.2. части 8.8.",T163=$BD$15),L163,0) -> 0 | BE163: =IF(AND(M163="пп.7 п.8.8.2. части 8.8.",T163=$BE$15),L163,0) -> 0 | BF163: =IF(AND(M163="пп.7 п.8.8.2. части 8.8.",T163=$BF$15),L163,0) -> 0 | BG163: =IF(AND(M163="пп.7 п.8.8.2. части 8.8.",T163=$BG$15),L163,0) -> 0 | BH163: =IF(AND(M163="пп.7 п.8.8.2. части 8.8.",T163=$BH$15),L163,0) -> 0 | BI163: =IF(AND(M163="пп.7 п.8.8.2. части 8.8.",T163=$BI$15),L163,0) -> 0 | BJ163: =IF(AND(M163="пп.7 п.8.8.2. части 8.8.",T163=$BJ$15),L163,0) -> 0 | BK163: =IF(AND(M163="пп.7 п.8.8.2. части 8.8.",T163=$BK$15),L163,0) -> 0 | BL163: =IF(AND(M163="пп.7 п.8.8.2. части 8.8.",T163=$BL$15),L163,0) -> 0 | BM163: =IF(AND(M163="пп.7 п.8.8.2. части 8.8.",T163=$BM$15),L163,0) -> 0 | BN163: =IF(AND(M163="пп.7 п.8.8.2. части 8.8.",T163=$BN$15),L163,0) -> 0 | BO163: =IF(AND(M163="пп.7 п.8.8.2. части 8.8.",T163=$BO$15),L163,0) -> 0 | BP163: =IF(AND(M163="пп.7 п.8.8.2. части 8.8.",T163=$BP$15),L163,0) -> 0 | BQ163: =IF(AND(M163="пп.7 п.8.8.2. части 8.8.",T163=$BQ$15),L163,0) -> 0 | BR163: =IF(AND(M163="пп.7 п.8.8.2. части 8.8.",T163=$BR$15),L163,0) -> 0 | BS163: =IF(AND(M163="пп.7 п.8.8.2. части 8.8.",T163=$BS$15),L163,0) -> 0 | BT163: =IF(AND(M163="пп.7 п.8.8.2. части 8.8.",T163=$BT$15),L163,0) -> 0 | BU163: =IF(AND(M163="пп.7 п.8.8.2. части 8.8.",T163=$BU$15),L163,0) -> 0 | BV163: =IF(AND(M163="пп.7 п.8.8.2. части 8.8.",T163=$BV$15),L163,0) -> 0 | BW163: =IF(AND(M163="пп.7 п.8.8.2. части 8.8.",T163=$BW$15),L163,0) -> 0 | CB163: =IF(AND(M163="пп.7 п.8.8.2. части 8.8.",T163=$CB$15),L163,0) -> 0
U164: =IF(D164="ЕП",1,0) -> 0 | V164: =IF(D164="ЕП",L164,0) -> 0 | W164: =IF(D164="М",1,0) -> 0 | X164: =IF(D164="М",L164,0) -> 0 | Y164: =IF(D164="ЗЦ",1,0) -> 0 | Z164: =IF(D164="ЗЦ",L164,0) -> 0 | AA164: =IF(D164="К",1,0) -> 0 | AB164: =IF(D164="К",L164,0) -> 0 | AC164: =IF(D164="А",1,0) -> 0 | AD164: =IF(D164="А",L164,0) -> 0 | AE164: =SUM(AF164:DD164) -> 0 | AF164: =IF(AND(M164="пп.7 п.8.8.2. части 8.8.",T164=$AF$15),L164,0) -> 0 | AG164: =IF(AND(M164="пп.7 п.8.8.2. части 8.8.",T164=$AG$15),L164,0) -> 0 | AH164: =IF(AND(M164="пп.7 п.8.8.2. части 8.8.",T164=$AH$15),L164,0) -> 0 | AI164: =IF(AND(M164="пп.7 п.8.8.2. части 8.8.",T164=$AI$15),L164,0) -> 0 | AJ164: =IF(AND(M164="пп.7 п.8.8.2. части 8.8.",T164=$AJ$15),L164,0) -> 0 | AK164: =IF(AND(M164="пп.7 п.8.8.2. части 8.8.",T164=$AK$15),L164,0) -> 0 | AL164: =IF(AND(M164="пп.7 п.8.8.2. части 8.8.",T164=$AL$15),L164,0) -> 0 | AM164: =IF(AND(M164="пп.7 п.8.8.2. части 8.8.",T164=$AM$15),L164,0) -> 0 | AN164: =IF(AND(M164="пп.7 п.8.8.2. части 8.8.",T164=$AN$15),L164,0) -> 0 | AO164: =IF(AND(M164="пп.7 п.8.8.2. части 8.8.",T164=$AO$15),L164,0) -> 0 | AP164: =IF(AND(M164="пп.7 п.8.8.2. части 8.8.",T164=$AP$15),L164,0) -> 0 | AQ164: =IF(AND(M164="пп.7 п.8.8.2. части 8.8.",T164=$AQ$15),L164,0) -> 0 | AR164: =IF(AND(M164="пп.7 п.8.8.2. части 8.8.",T164=$AR$15),L164,0) -> 0 | AS164: =IF(AND(M164="пп.7 п.8.8.2. части 8.8.",T164=$AS$15),L164,0) -> 0 | AT164: =IF(AND(M164="пп.7 п.8.8.2. части 8.8.",T164=$AT$15),L164,0) -> 0 | AU164: =IF(AND(M164="пп.7 п.8.8.2. части 8.8.",T164=$AU$15),L164,0) -> 0 | AV164: =IF(AND(M164="пп.7 п.8.8.2. части 8.8.",T164=$AV$15),L164,0) -> 0 | AW164: =IF(AND(M164="пп.7 п.8.8.2. части 8.8.",T164=$AW$15),L164,0) -> 0 | AX164: =IF(AND(M164="пп.7 п.8.8.2. части 8.8.",T164=$AX$15),L164,0) -> 0 | AY164: =IF(AND(M164="пп.7 п.8.8.2. части 8.8.",T164=$AY$15),L164,0) -> 0 | AZ164: =IF(AND(M164="пп.7 п.8.8.2. части 8.8.",T164=$AZ$15),L164,0) -> 0 | BA164: =IF(AND(M164="пп.7 п.8.8.2. части 8.8.",T164=$BA$15),L164,0) -> 0 | BB164: =IF(AND(M164="пп.7 п.8.8.2. части 8.8.",T164=$BB$15),L164,0) -> 0 | BC164: =IF(AND(M164="пп.7 п.8.8.2. части 8.8.",T164=$BC$15),L164,0) -> 0 | BD164: =IF(AND(M164="пп.7 п.8.8.2. части 8.8.",T164=$BD$15),L164,0) -> 0 | BE164: =IF(AND(M164="пп.7 п.8.8.2. части 8.8.",T164=$BE$15),L164,0) -> 0 | BF164: =IF(AND(M164="пп.7 п.8.8.2. части 8.8.",T164=$BF$15),L164,0) -> 0 | BG164: =IF(AND(M164="пп.7 п.8.8.2. части 8.8.",T164=$BG$15),L164,0) -> 0 | BH164: =IF(AND(M164="пп.7 п.8.8.2. части 8.8.",T164=$BH$15),L164,0) -> 0 | BI164: =IF(AND(M164="пп.7 п.8.8.2. части 8.8.",T164=$BI$15),L164,0) -> 0 | BJ164: =IF(AND(M164="пп.7 п.8.8.2. части 8.8.",T164=$BJ$15),L164,0) -> 0 | BK164: =IF(AND(M164="пп.7 п.8.8.2. части 8.8.",T164=$BK$15),L164,0) -> 0 | BL164: =IF(AND(M164="пп.7 п.8.8.2. части 8.8.",T164=$BL$15),L164,0) -> 0 | BM164: =IF(AND(M164="пп.7 п.8.8.2. части 8.8.",T164=$BM$15),L164,0) -> 0 | BN164: =IF(AND(M164="пп.7 п.8.8.2. части 8.8.",T164=$BN$15),L164,0) -> 0 | BO164: =IF(AND(M164="пп.7 п.8.8.2. части 8.8.",T164=$BO$15),L164,0) -> 0 | BP164: =IF(AND(M164="пп.7 п.8.8.2. части 8.8.",T164=$BP$15),L164,0) -> 0 | BQ164: =IF(AND(M164="пп.7 п.8.8.2. части 8.8.",T164=$BQ$15),L164,0) -> 0 | BR164: =IF(AND(M164="пп.7 п.8.8.2. части 8.8.",T164=$BR$15),L164,0) -> 0 | BS164: =IF(AND(M164="пп.7 п.8.8.2. части 8.8.",T164=$BS$15),L164,0) -> 0 | BT164: =IF(AND(M164="пп.7 п.8.8.2. части 8.8.",T164=$BT$15),L164,0) -> 0 | BU164: =IF(AND(M164="пп.7 п.8.8.2. части 8.8.",T164=$BU$15),L164,0) -> 0 | BV164: =IF(AND(M164="пп.7 п.8.8.2. части 8.8.",T164=$BV$15),L164,0) -> 0 | BW164: =IF(AND(M164="пп.7 п.8.8.2. части 8.8.",T164=$BW$15),L164,0) -> 0 | CB164: =IF(AND(M164="пп.7 п.8.8.2. части 8.8.",T164=$CB$15),L164,0) -> 0
CB165: =IF(AND(M165="пп.7 п.8.8.2. части 8.8.",T165=$CB$15),L165,0) -> 0
CB166: =IF(AND(M166="пп.7 п.8.8.2. части 8.8.",T166=$CB$15),L166,0) -> 0
CB167: =IF(AND(M167="пп.7 п.8.8.2. части 8.8.",T167=$CB$15),L167,0) -> 0
CB168: =IF(AND(M168="пп.7 п.8.8.2. части 8.8.",T168=$CB$15),L168,0) -> 0
CB169: =IF(AND(M169="пп.7 п.8.8.2. части 8.8.",T169=$CB$15),L169,0) -> 0
CB170: =IF(AND(M170="пп.7 п.8.8.2. части 8.8.",T170=$CB$15),L170,0) -> 0
CB171: =IF(AND(M171="пп.7 п.8.8.2. части 8.8.",T171=$CB$15),L171,0) -> 0
CB172: =IF(AND(M172="пп.7 п.8.8.2. части 8.8.",T172=$CB$15),L172,0) -> 0
CB173: =IF(AND(M173="пп.7 п.8.8.2. части 8.8.",T173=$CB$15),L173,0) -> 0
CB174: =IF(AND(M174="пп.7 п.8.8.2. части 8.8.",T174=$CB$15),L174,0) -> 0
CB175: =IF(AND(M175="пп.7 п.8.8.2. части 8.8.",T175=$CB$15),L175,0) -> 0
CB176: =IF(AND(M176="пп.7 п.8.8.2. части 8.8.",T176=$CB$15),L176,0) -> 0
... CB179: =IF(AND(M179="пп.7 п.8.8.2. части 8.8.",T179=$CB$15),L179,0) -> 0

Sheet 3
D2: Всего за период с | G2: 41334 | I2: по | J2: 41364 | M2: =IF(Одноименность!H5<>0,"НАРУШЕН ЛИМИТ!!!","-") -> -
D3: заключено | F3: =I5+I9+I10+I11 -> 2 | G3: договоров на сумму | J3: =L5+L9+L10+L11 -> 32167 | X3: =Одноименность!H5 -> 0
D4: из них по результатам процедур:
D5: закупки у единственного поставщика, подрядчика, исполнителя | I5: =SUM(I7:I8) -> 2 | J5: на сумму | L5: =SUM(L7:L8) -> 32167 | M5: расторгнуто договоров | N5: =N12+[1]Договоры!$Y$3 -> 0 | Q5: =O12 -> 0
D6: из них | M6: изменено договоров | N6: =P12 -> 0 | Q6: =Q12 -> 0
E7: В соответствии с пп.1 и пп.2, пп. 2.1 п. 8.8.2 Положения (ест.монополии, ресурсоснабжение) | I7: =W12 -> 0 | L7: =X12 -> 0
E8: В соответсвии с пп.7 п. 8.8.2 (малые закупки) | I8: =U12 -> 2 | J8: на сумму | L8: =V12 -> 32167
D9: запросов цен | I9: =Y12 -> 0 | J9: на сумму | L9: =Z12 -> 0
D10: конкурсов | I10: =AA12 -> 0 | J10: на сумму | L10: =AB12 -> 0
D11: аукционов | I11: =AC12 -> 0 | J11: на сумму | L11: =AD12 -> 0
A12: =SUM(A16:A2845) -> 2 | L12: =SUM(L16:L31945) -> 32167 | N12: =SUM(N16:N31945) -> 0 | O12: =SUM(O16:O31945) -> 0 | P12: =SUM(P16:P31945) -> 0 | Q12: =SUM(Q16:Q31945) -> 0 | R12: =SUM(R16:R31945) -> 0 | S12: =SUM(S16:S31945) -> 0 | U12: =SUM(U16:U2049) -> 2 | V12: =SUM(V16:V2049) -> 32167 | W12: =SUM(W16:W2049) -> 0 | X12: =SUM(X16:X2049) -> 0 | Y12: =SUM(Y16:Y2049) -> 0 | Z12: =SUM(Z16:Z2049) -> 0 | AA12: =SUM(AA16:AA2049) -> 0 | AB12: =SUM(AB16:AB2049) -> 0 | ... AE12: =SUM(AE16:AE2049) -> 32167 | AF12: =SUM(AF16:AF15249) -> 0 | AG12: =SUM(AG16:AG15249) -> 0 | AH12: =SUM(AH16:AH15249) -> 0 | AI12: =SUM(AI16:AI15249) -> 0 | AJ12: =SUM(AJ16:AJ15249) -> 0 | AK12: =SUM(AK16:AK15249) -> 0 | AL12: =SUM(AL16:AL15249) -> 0 | AM12: =SUM(AM16:AM15249) -> 0 | ... CB12: =SUM(CB16:CB15249) -> 0
A13: Счетчик закупок | D13: Вид закупки | E13: Дата, номер извещения о закупке | F13: МАРТ (дата регистрации обязательства) | G13: Дата договора / Авансового отчета | H13: Номер договора / авансового отчета | I13: Исполнитель | J13: Предмет договора (ЗАКУПАЕМЫЕ ТОВАРЫ, РАБОТЫ, УСЛУГИ) | K13: ОКПД | L13: Сумма | M13: Основание заключения договора указанным способом закупки | N13: Договор расторгнут | O13: Сумма расторгнутых | P13: Кол-во измененных | R13: Подано заявок на участие | S13: Начальная цена | T13: Группа одноименности в соотв. С приказом Минфина №601 (для упрощения контроля одноименности) | U13: ЕП (малые закупки) | W13: М | Y13: ЗЦ | AA13: К | AC13: А
Q14: Изменение суммы | AF14: ='1'!AF14 -> Бензин и дизельное топливо | AG14: ='1'!AG14 -> Организация спортмероприятий | AH14: ='1'!AH14 -> Услуги по ремонту транспортных средств | AI14: ='1'!AI14 -> Канцелярские товары, канц.принадлежности бумажные | AJ14: ='1'!AJ14 -> Услуги по канализации, удалению отходов, сан. Обработке и аналогичные услуги | AK14: ='1'!AK14 -> Производственное и промышленное оборудование | AL14: ='1'!AL14 -> Препараты и средства медицинские прочие | AM14: ='1'!AM14 -> Металлы и изделия из металла, а также услуги по их производству | ... CH14: ='1'!CH14 -> 0
AF15: ='1'!AF15 -> 45 | AG15: ='1'!AG15 -> 218 | AH15: ='1'!AH15 -> 115 | AI15: ='1'!AI15 -> 40 | AJ15: ='1'!AJ15 -> 213 | AK15: ='1'!AK15 -> 121 | AL15: ='1'!AL15 -> 102 | AM15: ='1'!AM15 -> 118 | ... CH15: ='1'!CH15 -> 0
A16: 1 | B16: =IF(D16="ЕП",IF((AE16=0),1,0),0) -> 0 | D16: ЕП | F16: 41338 | G16: 41334 | H16: 100 | I16: ЗАО "ЦП и НТП "ПИРАНТ-Т" | J16: Услуги по провед.занятий по пожарному минимуму | L16: 2800 | M16: =IF(D16="ЕП","пп.7 п.8.8.2. части 8.8.","-") -> пп.7 п.8.8.2. части 8.8. | T16: 210 | U16: =IF(D16="ЕП",1,0) -> 1 | V16: =IF(D16="ЕП",L16,0) -> 2800 | W16: =IF(D16="М",1,0) -> 0 | X16: =IF(D16="М",L16,0) -> 0 | Y16: =IF(D16="ЗЦ",1,0) -> 0 | Z16: =IF(D16="ЗЦ",L16,0) -> 0 | AA16: =IF(D16="К",1,0) -> 0 | AB16: =IF(D16="К",L16,0) -> 0 | AC16: =IF(D16="А",1,0) -> 0 | AD16: =IF(D16="А",L16,0) -> 0 | AE16: =SUM(AF16:DD16) -> 2800 | AF16: =IF(AND(M16="пп.7 п.8.8.2. части 8.8.",T16=$AF$15),L16,0) -> 0 | AG16: =IF(AND(M16="пп.7 п.8.8.2. части 8.8.",T16=$AG$15),L16,0) -> 0 | AH16: =IF(AND(M16="пп.7 п.8.8.2. части 8.8.",T16=$AH$15),L16,0) -> 0 | AI16: =IF(AND(M16="пп.7 п.8.8.2. части 8.8.",T16=$AI$15),L16,0) -> 0 | AJ16: =IF(AND(M16="пп.7 п.8.8.2. части 8.8.",T16=$AJ$15),L16,0) -> 0 | AK16: =IF(AND(M16="пп.7 п.8.8.2. части 8.8.",T16=$AK$15),L16,0) -> 0 | AL16: =IF(AND(M16="пп.7 п.8.8.2. части 8.8.",T16=$AL$15),L16,0) -> 0 | AM16: =IF(AND(M16="пп.7 п.8.8.2. части 8.8.",T16=$AM$15),L16,0) -> 0 | AN16: =IF(AND(M16="пп.7 п.8.8.2. части 8.8.",T16=$AN$15),L16,0) -> 0 | AO16: =IF(AND(M16="пп.7 п.8.8.2. части 8.8.",T16=$AO$15),L16,0) -> 0 | AP16: =IF(AND(M16="пп.7 п.8.8.2. части 8.8.",T16=$AP$15),L16,0) -> 0 | AQ16: =IF(AND(M16="пп.7 п.8.8.2. части 8.8.",T16=$AQ$15),L16,0) -> 0 | AR16: =IF(AND(M16="пп.7 п.8.8.2. части 8.8.",T16=$AR$15),L16,0) -> 0 | AS16: =IF(AND(M16="пп.7 п.8.8.2. части 8.8.",T16=$AS$15),L16,0) -> 0 | AT16: =IF(AND(M16="пп.7 п.8.8.2. части 8.8.",T16=$AT$15),L16,0) -> 0 | AU16: =IF(AND(M16="пп.7 п.8.8.2. части 8.8.",T16=$AU$15),L16,0) -> 2800 | AV16: =IF(AND(M16="пп.7 п.8.8.2. части 8.8.",T16=$AV$15),L16,0) -> 0 | AW16: =IF(AND(M16="пп.7 п.8.8.2. части 8.8.",T16=$AW$15),L16,0) -> 0 | AX16: =IF(AND(M16="пп.7 п.8.8.2. части 8.8.",T16=$AX$15),L16,0) -> 0 | AY16: =IF(AND(M16="пп.7 п.8.8.2. части 8.8.",T16=$AY$15),L16,0) -> 0 | AZ16: =IF(AND(M16="пп.7 п.8.8.2. части 8.8.",T16=$AZ$15),L16,0) -> 0 | BA16: =IF(AND(M16="пп.7 п.8.8.2. части 8.8.",T16=$BA$15),L16,0) -> 0 | BB16: =IF(AND(M16="пп.7 п.8.8.2. части 8.8.",T16=$BB$15),L16,0) -> 0 | BC16: =IF(AND(M16="пп.7 п.8.8.2. части 8.8.",T16=$BC$15),L16,0) -> 0 | BD16: =IF(AND(M16="пп.7 п.8.8.2. части 8.8.",T16=$BD$15),L16,0) -> 0 | BE16: =IF(AND(M16="пп.7 п.8.8.2. части 8.8.",T16=$BE$15),L16,0) -> 0 | BF16: =IF(AND(M16="пп.7 п.8.8.2. части 8.8.",T16=$BF$15),L16,0) -> 0 | BG16: =IF(AND(M16="пп.7 п.8.8.2. части 8.8.",T16=$BG$15),L16,0) -> 0 | BH16: =IF(AND(M16="пп.7 п.8.8.2. части 8.8.",T16=$BH$15),L16,0) -> 0 | BI16: =IF(AND(M16="пп.7 п.8.8.2. части 8.8.",T16=$BI$15),L16,0) -> 0 | BJ16: =IF(AND(M16="пп.7 п.8.8.2. части 8.8.",T16=$BJ$15),L16,0) -> 0 | BK16: =IF(AND(M16="пп.7 п.8.8.2. части 8.8.",T16=$BK$15),L16,0) -> 0 | BL16: =IF(AND(M16="пп.7 п.8.8.2. части 8.8.",T16=$BL$15),L16,0) -> 0 | BM16: =IF(AND(M16="пп.7 п.8.8.2. части 8.8.",T16=$BM$15),L16,0) -> 0 | BN16: =IF(AND(M16="пп.7 п.8.8.2. части 8.8.",T16=$BN$15),L16,0) -> 0 | BO16: =IF(AND(M16="пп.7 п.8.8.2. части 8.8.",T16=$BO$15),L16,0) -> 0 | BP16: =IF(AND(M16="пп.7 п.8.8.2. части 8.8.",T16=$BP$15),L16,0) -> 0 | BQ16: =IF(AND(M16="пп.7 п.8.8.2. части 8.8.",T16=$BQ$15),L16,0) -> 0 | BR16: =IF(AND(M16="пп.7 п.8.8.2. части 8.8.",T16=$BR$15),L16,0) -> 0 | BS16: =IF(AND(M16="пп.7 п.8.8.2. части 8.8.",T16=$BS$15),L16,0) -> 0 | BT16: =IF(AND(M16="пп.7 п.8.8.2. части 8.8.",T16=$BT$15),L16,0) -> 0 | BU16: =IF(AND(M16="пп.7 п.8.8.2. части 8.8.",T16=$BU$15),L16,0) -> 0 | BV16: =IF(AND(M16="пп.7 п.8.8.2. части 8.8.",T16=$BV$15),L16,0) -> 0 | BW16: =IF(AND(M16="пп.7 п.8.8.2. части 8.8.",T16=$BW$15),L16,0) -> 0 | BX16: =IF(AND(M16="пп.7 п.8.8.2. части 8.8.",T16=$BX$15),L16,0) -> 0 | BY16: =IF(AND(M16="пп.7 п.8.8.2. части 8.8.",T16=$BY$15),L16,0) -> 0 | BZ16: =IF(AND(M16="пп.7 п.8.8.2. части 8.8.",T16=$BZ$15),L16,0) -> 0 | CA16: =IF(AND(M16="пп.7 п.8.8.2. части 8.8.",T16=$CA$15),L16,0) -> 0 | CB16: =IF(AND(M16="пп.7 п.8.8.2. части 8.8.",T16=$CB$15),L16,0) -> 0
A17: 1 | B17: =IF(D17="ЕП",IF((AE17=0),1,0),0) -> 0 | D17: ЕП | F17: 41338 | G17: 41334 | H17: Приложение 2 к договору 130110-17КП | I17: ООО "Кристоффер" | J17: химчистка, ср-во для чистки полов | L17: 1777 | M17: =IF(D17="ЕП","пп.7 п.8.8.2. части 8.8.","-") -> пп.7 п.8.8.2. части 8.8. | T17: 48 | U17: =IF(D17="ЕП",1,0) -> 1 | V17: =IF(D17="ЕП",L17,0) -> 1777 | W17: =IF(D17="М",1,0) -> 0 | X17: =IF(D17="М",L17,0) -> 0 | Y17: =IF(D17="ЗЦ",1,0) -> 0 | Z17: =IF(D17="ЗЦ",L17,0) -> 0 | AA17: =IF(D17="К",1,0) -> 0 | AB17: =IF(D17="К",L17,0) -> 0 | AC17: =IF(D17="А",1,0) -> 0 | AD17: =IF(D17="А",L17,0) -> 0 | AE17: =SUM(AF17:DD17) -> 1777 | AF17: =IF(AND(M17="пп.7 п.8.8.2. части 8.8.",T17=$AF$15),L17,0) -> 0 | AG17: =IF(AND(M17="пп.7 п.8.8.2. части 8.8.",T17=$AG$15),L17,0) -> 0 | AH17: =IF(AND(M17="пп.7 п.8.8.2. части 8.8.",T17=$AH$15),L17,0) -> 0 | AI17: =IF(AND(M17="пп.7 п.8.8.2. части 8.8.",T17=$AI$15),L17,0) -> 0 | AJ17: =IF(AND(M17="пп.7 п.8.8.2. части 8.8.",T17=$AJ$15),L17,0) -> 0 | AK17: =IF(AND(M17="пп.7 п.8.8.2. части 8.8.",T17=$AK$15),L17,0) -> 0 | AL17: =IF(AND(M17="пп.7 п.8.8.2. части 8.8.",T17=$AL$15),L17,0) -> 0 | AM17: =IF(AND(M17="пп.7 п.8.8.2. части 8.8.",T17=$AM$15),L17,0) -> 0 | AN17: =IF(AND(M17="пп.7 п.8.8.2. части 8.8.",T17=$AN$15),L17,0) -> 1777 | AO17: =IF(AND(M17="пп.7 п.8.8.2. части 8.8.",T17=$AO$15),L17,0) -> 0 | AP17: =IF(AND(M17="пп.7 п.8.8.2. части 8.8.",T17=$AP$15),L17,0) -> 0 | AQ17: =IF(AND(M17="пп.7 п.8.8.2. части 8.8.",T17=$AQ$15),L17,0) -> 0 | AR17: =IF(AND(M17="пп.7 п.8.8.2. части 8.8.",T17=$AR$15),L17,0) -> 0 | AS17: =IF(AND(M17="пп.7 п.8.8.2. части 8.8.",T17=$AS$15),L17,0) -> 0 | AT17: =IF(AND(M17="пп.7 п.8.8.2. части 8.8.",T17=$AT$15),L17,0) -> 0 | AU17: =IF(AND(M17="пп.7 п.8.8.2. части 8.8.",T17=$AU$15),L17,0) -> 0 | AV17: =IF(AND(M17="пп.7 п.8.8.2. части 8.8.",T17=$AV$15),L17,0) -> 0 | AW17: =IF(AND(M17="пп.7 п.8.8.2. части 8.8.",T17=$AW$15),L17,0) -> 0 | AX17: =IF(AND(M17="пп.7 п.8.8.2. части 8.8.",T17=$AX$15),L17,0) -> 0 | AY17: =IF(AND(M17="пп.7 п.8.8.2. части 8.8.",T17=$AY$15),L17,0) -> 0 | AZ17: =IF(AND(M17="пп.7 п.8.8.2. части 8.8.",T17=$AZ$15),L17,0) -> 0 | BA17: =IF(AND(M17="пп.7 п.8.8.2. части 8.8.",T17=$BA$15),L17,0) -> 0 | BB17: =IF(AND(M17="пп.7 п.8.8.2. части 8.8.",T17=$BB$15),L17,0) -> 0 | BC17: =IF(AND(M17="пп.7 п.8.8.2. части 8.8.",T17=$BC$15),L17,0) -> 0 | BD17: =IF(AND(M17="пп.7 п.8.8.2. части 8.8.",T17=$BD$15),L17,0) -> 0 | BE17: =IF(AND(M17="пп.7 п.8.8.2. части 8.8.",T17=$BE$15),L17,0) -> 0 | BF17: =IF(AND(M17="пп.7 п.8.8.2. части 8.8.",T17=$BF$15),L17,0) -> 0 | BG17: =IF(AND(M17="пп.7 п.8.8.2. части 8.8.",T17=$BG$15),L17,0) -> 0 | BH17: =IF(AND(M17="пп.7 п.8.8.2. части 8.8.",T17=$BH$15),L17,0) -> 0 | BI17: =IF(AND(M17="пп.7 п.8.8.2. части 8.8.",T17=$BI$15),L17,0) -> 0 | BJ17: =IF(AND(M17="пп.7 п.8.8.2. части 8.8.",T17=$BJ$15),L17,0) -> 0 | BK17: =IF(AND(M17="пп.7 п.8.8.2. части 8.8.",T17=$BK$15),L17,0) -> 0 | BL17: =IF(AND(M17="пп.7 п.8.8.2. части 8.8.",T17=$BL$15),L17,0) -> 0 | BM17: =IF(AND(M17="пп.7 п.8.8.2. части 8.8.",T17=$BM$15),L17,0) -> 0 | BN17: =IF(AND(M17="пп.7 п.8.8.2. части 8.8.",T17=$BN$15),L17,0) -> 0 | BO17: =IF(AND(M17="пп.7 п.8.8.2. части 8.8.",T17=$BO$15),L17,0) -> 0 | BP17: =IF(AND(M17="пп.7 п.8.8.2. части 8.8.",T17=$BP$15),L17,0) -> 0 | BQ17: =IF(AND(M17="пп.7 п.8.8.2. части 8.8.",T17=$BQ$15),L17,0) -> 0 | BR17: =IF(AND(M17="пп.7 п.8.8.2. части 8.8.",T17=$BR$15),L17,0) -> 0 | BS17: =IF(AND(M17="пп.7 п.8.8.2. части 8.8.",T17=$BS$15),L17,0) -> 0 | BT17: =IF(AND(M17="пп.7 п.8.8.2. части 8.8.",T17=$BT$15),L17,0) -> 0 | BU17: =IF(AND(M17="пп.7 п.8.8.2. части 8.8.",T17=$BU$15),L17,0) -> 0 | BV17: =IF(AND(M17="пп.7 п.8.8.2. части 8.8.",T17=$BV$15),L17,0) -> 0 | BW17: =IF(AND(M17="пп.7 п.8.8.2. части 8.8.",T17=$BW$15),L17,0) -> 0 | BX17: =IF(AND(M17="пп.7 п.8.8.2. части 8.8.",T17=$BX$15),L17,0) -> 0 | BY17: =IF(AND(M17="пп.7 п.8.8.2. части 8.8.",T17=$BY$15),L17,0) -> 0 | BZ17: =IF(AND(M17="пп.7 п.8.8.2. части 8.8.",T17=$BZ$15),L17,0) -> 0 | CA17: =IF(AND(M17="пп.7 п.8.8.2. части 8.8.",T17=$CA$15),L17,0) -> 0 | CB17: =IF(AND(M17="пп.7 п.8.8.2. части 8.8.",T17=$CB$15),L17,0) -> 0
B18: =IF(D18="ЕП",IF((AE18=0),1,0),0) -> 0 | D18: ЕП | J18: пылесос химчистка | L18: 27590 | M18: =IF(D18="ЕП","пп.7 п.8.8.2. части 8.8.","-") -> пп.7 п.8.8.2. части 8.8. | T18: 126 | V18: =IF(D18="ЕП",L18,0) -> 27590 | W18: =IF(D18="М",1,0) -> 0 | X18: =IF(D18="М",L18,0) -> 0 | Y18: =IF(D18="ЗЦ",1,0) -> 0 | Z18: =IF(D18="ЗЦ",L18,0) -> 0 | AA18: =IF(D18="К",1,0) -> 0 | AB18: =IF(D18="К",L18,0) -> 0 | AC18: =IF(D18="А",1,0) -> 0 | AD18: =IF(D18="А",L18,0) -> 0 | AE18: =SUM(AF18:DD18) -> 27590 | AF18: =IF(AND(M18="пп.7 п.8.8.2. части 8.8.",T18=$AF$15),L18,0) -> 0 | AG18: =IF(AND(M18="пп.7 п.8.8.2. части 8.8.",T18=$AG$15),L18,0) -> 0 | AH18: =IF(AND(M18="пп.7 п.8.8.2. части 8.8.",T18=$AH$15),L18,0) -> 0 | AI18: =IF(AND(M18="пп.7 п.8.8.2. части 8.8.",T18=$AI$15),L18,0) -> 0 | AJ18: =IF(AND(M18="пп.7 п.8.8.2. части 8.8.",T18=$AJ$15),L18,0) -> 0 | AK18: =IF(AND(M18="пп.7 п.8.8.2. части 8.8.",T18=$AK$15),L18,0) -> 0 | AL18: =IF(AND(M18="пп.7 п.8.8.2. части 8.8.",T18=$AL$15),L18,0) -> 0 | AM18: =IF(AND(M18="пп.7 п.8.8.2. части 8.8.",T18=$AM$15),L18,0) -> 0 | AN18: =IF(AND(M18="пп.7 п.8.8.2. части 8.8.",T18=$AN$15),L18,0) -> 0 | AO18: =IF(AND(M18="пп.7 п.8.8.2. части 8.8.",T18=$AO$15),L18,0) -> 0 | AP18: =IF(AND(M18="пп.7 п.8.8.2. части 8.8.",T18=$AP$15),L18,0) -> 0 | AQ18: =IF(AND(M18="пп.7 п.8.8.2. части 8.8.",T18=$AQ$15),L18,0) -> 0 | AR18: =IF(AND(M18="пп.7 п.8.8.2. части 8.8.",T18=$AR$15),L18,0) -> 0 | AS18: =IF(AND(M18="пп.7 п.8.8.2. части 8.8.",T18=$AS$15),L18,0) -> 0 | AT18: =IF(AND(M18="пп.7 п.8.8.2. части 8.8.",T18=$AT$15),L18,0) -> 0 | AU18: =IF(AND(M18="пп.7 п.8.8.2. части 8.8.",T18=$AU$15),L18,0) -> 0 | AV18: =IF(AND(M18="пп.7 п.8.8.2. части 8.8.",T18=$AV$15),L18,0) -> 0 | AW18: =IF(AND(M18="пп.7 п.8.8.2. части 8.8.",T18=$AW$15),L18,0) -> 0 | AX18: =IF(AND(M18="пп.7 п.8.8.2. части 8.8.",T18=$AX$15),L18,0) -> 0 | AY18: =IF(AND(M18="пп.7 п.8.8.2. части 8.8.",T18=$AY$15),L18,0) -> 0 | AZ18: =IF(AND(M18="пп.7 п.8.8.2. части 8.8.",T18=$AZ$15),L18,0) -> 0 | BA18: =IF(AND(M18="пп.7 п.8.8.2. части 8.8.",T18=$BA$15),L18,0) -> 0 | BB18: =IF(AND(M18="пп.7 п.8.8.2. части 8.8.",T18=$BB$15),L18,0) -> 0 | BC18: =IF(AND(M18="пп.7 п.8.8.2. части 8.8.",T18=$BC$15),L18,0) -> 27590 | BD18: =IF(AND(M18="пп.7 п.8.8.2. части 8.8.",T18=$BD$15),L18,0) -> 0 | BE18: =IF(AND(M18="пп.7 п.8.8.2. части 8.8.",T18=$BE$15),L18,0) -> 0 | BF18: =IF(AND(M18="пп.7 п.8.8.2. части 8.8.",T18=$BF$15),L18,0) -> 0 | BG18: =IF(AND(M18="пп.7 п.8.8.2. части 8.8.",T18=$BG$15),L18,0) -> 0 | BH18: =IF(AND(M18="пп.7 п.8.8.2. части 8.8.",T18=$BH$15),L18,0) -> 0 | BI18: =IF(AND(M18="пп.7 п.8.8.2. части 8.8.",T18=$BI$15),L18,0) -> 0 | BJ18: =IF(AND(M18="пп.7 п.8.8.2. части 8.8.",T18=$BJ$15),L18,0) -> 0 | BK18: =IF(AND(M18="пп.7 п.8.8.2. части 8.8.",T18=$BK$15),L18,0) -> 0 | BL18: =IF(AND(M18="пп.7 п.8.8.2. части 8.8.",T18=$BL$15),L18,0) -> 0 | BM18: =IF(AND(M18="пп.7 п.8.8.2. части 8.8.",T18=$BM$15),L18,0) -> 0 | BN18: =IF(AND(M18="пп.7 п.8.8.2. части 8.8.",T18=$BN$15),L18,0) -> 0 | BO18: =IF(AND(M18="пп.7 п.8.8.2. части 8.8.",T18=$BO$15),L18,0) -> 0 | BP18: =IF(AND(M18="пп.7 п.8.8.2. части 8.8.",T18=$BP$15),L18,0) -> 0 | BQ18: =IF(AND(M18="пп.7 п.8.8.2. части 8.8.",T18=$BQ$15),L18,0) -> 0 | BR18: =IF(AND(M18="пп.7 п.8.8.2. части 8.8.",T18=$BR$15),L18,0) -> 0 | BS18: =IF(AND(M18="пп.7 п.8.8.2. части 8.8.",T18=$BS$15),L18,0) -> 0 | BT18: =IF(AND(M18="пп.7 п.8.8.2. части 8.8.",T18=$BT$15),L18,0) -> 0 | BU18: =IF(AND(M18="пп.7 п.8.8.2. части 8.8.",T18=$BU$15),L18,0) -> 0 | BV18: =IF(AND(M18="пп.7 п.8.8.2. части 8.8.",T18=$BV$15),L18,0) -> 0 | BW18: =IF(AND(M18="пп.7 п.8.8.2. части 8.8.",T18=$BW$15),L18,0) -> 0 | BX18: =IF(AND(M18="пп.7 п.8.8.2. части 8.8.",T18=$BX$15),L18,0) -> 0 | BY18: =IF(AND(M18="пп.7 п.8.8.2. части 8.8.",T18=$BY$15),L18,0) -> 0 | BZ18: =IF(AND(M18="пп.7 п.8.8.2. части 8.8.",T18=$BZ$15),L18,0) -> 0 | CA18: =IF(AND(M18="пп.7 п.8.8.2. части 8.8.",T18=$CA$15),L18,0) -> 0 | CB18: =IF(AND(M18="пп.7 п.8.8.2. части 8.8.",T18=$CB$15),L18,0) -> 0

Sheet Одноименность
C2: Данные на | D2: =NOW() -> 41541.483
A3: Учет закупок одноименной продукции (малые закупки) (для упрощения учета используется классификация, предусмотренная Приказом Минэкономразвития РФ №273 от 07.06.2011 г.)
C5: =SUM(C7:C2100) -> 350000 | D5: =SUM(D7:D2100) -> 41335 | E5: =SUM(E7:E2100) -> 72711.8 | F5: =SUM(F7:F2100)-500000 -> 464046.8 | H5: =SUM(H7:H491) -> 0
A6: № группы | B6: Наименование группы | C6: 1 | D6: 2 | E6: 3 | F6: Итого
A7: ='1'!AF15 -> 45 | B7: ='1'!AF14 -> Бензин и дизельное топливо | C7: ='1'!AF12 -> 350000 | D7: ='2'!AF12 -> 0 | E7: ='3'!AF12 -> 0 | F7: =SUM(C7:E7) -> 350000 | G7: =IF(F7>=500000,1,0) -> 0 | H7: =IF(G7=1,A7,0) -> 0
A8: ='1'!AG15 -> 218 | B8: ='1'!AG14 -> Организация спортмероприятий | C8: ='1'!AG12+[1]Договоры!$AF$3 -> 0 | D8: ='2'!AG12+[1]Договоры!$AF$4-12000 -> 0 | E8: ='3'!AG12+[1]Договоры!$AF$5 -> 40544.8 | F8: =SUM(C8:E8) -> 40544.8 | G8: =IF(F8>=500000,1,0) -> 0 | H8: =IF(G8=1,A8,0) -> 0
A9: ='1'!AH15 -> 115 | B9: ='1'!AH14 -> Услуги по ремонту транспортных средств | C9: ='1'!AH12 -> 0 | D9: ='2'!AH12 -> 0 | E9: ='3'!AH12 -> 0 | F9: =SUM(C9:E9) -> 0 | G9: =IF(F9>=500000,1,0) -> 0 | H9: =IF(G9=1,A9,0) -> 0
A10: ='1'!AI15 -> 40 | B10: ='1'!AI14 -> Канцелярские товары, канц.принадлежности бумажные | C10: ='1'!AI12 -> 0 | D10: ='2'!AI12 -> 0 | E10: ='2'!AI12 -> 0 | F10: =SUM(C10:E10) -> 0 | G10: =IF(F10>=500000,1,0) -> 0 | H10: =IF(G10=1,A10,0) -> 0
A11: ='1'!AJ15 -> 213 | B11: ='1'!AJ14 -> Услуги по канализации, удалению отходов, сан. Обработке и аналогичные услуги | C11: ='1'!AJ12 -> 0 | D11: ='2'!AJ12 -> 0 | E11: ='3'!AJ12 -> 0 | F11: =SUM(C11:E11) -> 0 | G11: =IF(F11>=500000,1,0) -> 0 | H11: =IF(G11=1,A11,0) -> 0
A12: ='1'!AK15 -> 121 | B12: ='1'!AK14 -> Производственное и промышленное оборудование | C12: ='1'!AK12 -> 0 | D12: ='2'!AK12 -> 0 | E12: ='3'!AK12 -> 0 | F12: =SUM(C12:E12) -> 0 | G12: =IF(F12>=500000,1,0) -> 0 | H12: =IF(G12=1,A12,0) -> 0
A13: ='1'!AL15 -> 102 | B13: ='1'!AL14 -> Препараты и средства медицинские прочие | C13: ='1'!AL12 -> 0 | D13: ='2'!AL12 -> 0 | E13: ='3'!AL12 -> 0 | F13: =SUM(C13:E13) -> 0 | G13: =IF(F13>=500000,1,0) -> 0 | H13: =IF(G13=1,A13,0) -> 0
A14: ='1'!AM15 -> 118 | B14: ='1'!AM14 -> Металлы и изделия из металла, а также услуги по их производству | C14: ='1'!AM12 -> 0 | D14: ='2'!AM12 -> 0 | E14: ='3'!AM12 -> 0 | F14: =SUM(C14:E14) -> 0 | G14: =IF(F14>=500000,1,0) -> 0 | H14: =IF(G14=1,A14,0) -> 0
A15: ='1'!AN15 -> 48 | B15: ='1'!AN14 -> Хим.вещества, хим.продукты и хим.волокна, а также услуги по их производству | C15: ='1'!AN12 -> 0 | D15: ='2'!AN12 -> 0 | E15: ='3'!AN12 -> 1777 | F15: =SUM(C15:E15) -> 1777 | G15: =IF(F15>=500000,1,0) -> 0 | H15: =IF(G15=1,A15,0) -> 0
A16: ='1'!AO15 -> 108 | B16: ='1'!AO14 -> Полимерные изделия и услуги по их производству | C16: ='1'!AO12 -> 0 | D16: ='2'!AO12 -> 0 | E16: ='3'!AO12 -> 0 | F16: =SUM(C16:E16) -> 0 | G16: =IF(F16>=500000,1,0) -> 0 | H16: =IF(G16=1,A16,0) -> 0
A17: ='1'!AP15 -> 165 | B17: ='1'!AP14 -> Товары спротивные | C17: ='1'!AP12 -> 0 | D17: ='2'!AP12+12000 -> 21660 | E17: ='3'!AP12 -> 0 | F17: =SUM(C17:E17) -> 21660 | G17: =IF(F17>=500000,1,0) -> 0 | H17: =IF(G17=1,A17,0) -> 0
A18: ='1'!AQ15 -> 203 | B18: ='1'!AQ14 -> Услуги в области коммерческой и технической деятельности прочие, не включенные в другие группировки | C18: ='1'!AQ12 -> 0 | D18: ='2'!AQ12 -> 0 | E18: ='3'!AQ12 -> 0 | F18: =SUM(C18:E18) -> 0 | G18: =IF(F18>=500000,1,0) -> 0 | H18: =IF(G18=1,A18,0) -> 0
A19: ='1'!AR15 -> 190 | B19: ='1'!AR14 -> Услуги по аренде машин и оборудования | C19: ='1'!AR12 -> 0 | D19: ='2'!AR12 -> 0 | E19: ='3'!AR12 -> 0 | F19: =SUM(C19:E19) -> 0 | G19: =IF(F19>=500000,1,0) -> 0 | H19: =IF(G19=1,A19,0) -> 0
A20: ='1'!AS15 -> 177 | B20: ='1'!AS14 -> Услуги по розничной торговле | C20: ='1'!AS12 -> 0 | D20: ='2'!AS12 -> 0 | E20: ='3'!AS12 -> 0 | F20: =SUM(C20:E20) -> 0 | G20: =IF(F20>=500000,1,0) -> 0 | H20: =IF(G20=1,A20,0) -> 0
A21: ='1'!AT15 -> 216 | B21: ='1'!AT14 -> Услуги в области кино, радиовещания, телевидения, театра и видах искусства прочих | C21: ='1'!AT12 -> 0 | D21: ='2'!AT12 -> 0 | E21: ='3'!AT12 -> 0 | F21: =SUM(C21:E21) -> 0 | G21: =IF(F21>=500000,1,0) -> 0 | H21: =IF(G21=1,A21,0) -> 0
A22: ='1'!AU15 -> 210 | B22: ='1'!AU14 -> Услуги в области образования прочие | C22: ='1'!AU12 -> 0 | D22: ='2'!AU12 -> 0 | E22: ='3'!AU12 -> 2800 | F22: =SUM(C22:E22) -> 2800 | G22: =IF(F22>=500000,1,0) -> 0 | H22: =IF(G22=1,A22,0) -> 0
A23: ='1'!AV15 -> 9 | B23: ='1'!AV14 -> Продукция растениеводства | C23: ='1'!AV12 -> 0 | D23: ='2'!AV12 -> 0 | E23: ='3'!AV12 -> 0 | F23: =SUM(C23:E23) -> 0 | G23: =IF(F23>=500000,1,0) -> 0 | H23: =IF(G23=1,A23,0) -> 0
A24: ='1'!AW15 -> 105 | B24: ='1'!AW14 -> Мыло и моющие ср-ва, чистящие и полирующие препараты, косметические средства | C24: ='1'!AW12 -> 0 | D24: ='2'!AW12 -> 0 | E24: ='3'!AW12 -> 0 | F24: =SUM(C24:E24) -> 0 | G24: =IF(F24>=500000,1,0) -> 0 | H24: =IF(G24=1,A24,0) -> 0
A25: ='1'!AX15 -> 32 | B25: ='1'!AX14 -> Текстильные изделия и услуги по их производству | C25: ='1'!AX12 -> 0 | D25: ='2'!AX12 -> 0 | E25: ='3'!AX12 -> 0 | F25: =SUM(C25:E25) -> 0 | G25: =IF(F25>=500000,1,0) -> 0 | H25: =IF(G25=1,A25,0) -> 0
A26: ='1'!AY15 -> 39 | B26: ='1'!AY14 -> Целлюлоза, бумага и изделия из бумаги, услуги | C26: ='1'!AY12 -> 0 | D26: ='2'!AY12 -> 0 | E26: ='3'!AY12 -> 0 | F26: =SUM(C26:E26) -> 0 | G26: =IF(F26>=500000,1,0) -> 0 | H26: =IF(G26=1,A26,0) -> 0
A27: ='1'!AZ15 -> 191 | B27: ='1'!AZ14 -> Услуги по аренде предметов личного пользования | C27: ='1'!AZ12 -> 0 | D27: ='2'!AZ12 -> 0 | E27: ='3'!AZ12 -> 0 | F27: =SUM(C27:E27) -> 0 | G27: =IF(F27>=500000,1,0) -> 0 | H27: =IF(G27=1,A27,0) -> 0
A28: ='1'!BA15 -> 179 | B28: ='1'!BA14 -> Услуги ресторанов | C28: ='1'!BA12 -> 0 | D28: ='2'!BA12 -> 0 | E28: ='3'!BA12 -> 0 | F28: =SUM(C28:E28) -> 0 | G28: =IF(F28>=500000,1,0) -> 0 | H28: =IF(G28=1,A28,0) -> 0
A29: ='1'!BB15 -> 168 | B29: ='1'!BB14 -> Хозяйственно-бытовые товары | C29: ='1'!BB12 -> 0 | D29: ='2'!BB12 -> 0 | E29: ='3'!BB12 -> 0 | F29: =SUM(C29:E29) -> 0 | G29: =IF(F29>=500000,1,0) -> 0 | H29: =IF(G29=1,A29,0) -> 0
A30: ='1'!BC15 -> 126 | B30: ='1'!BC14 -> Бытовая техника. Офисная техника и электроника | C30: ='1'!BC12 -> 0 | D30: ='2'!BC12 -> 0 | E30: ='3'!BC12 -> 27590 | F30: =SUM(C30:E30) -> 27590 | G30: =IF(F30>=500000,1,0) -> 0 | H30: =IF(G30=1,A30,0) -> 0
A31: ='1'!BD15 -> 41 | B31: ='1'!BD14 -> Печатная продукция | C31: ='1'!BD12 -> 0 | D31: ='2'!BD12 -> 0 | E31: ='3'!BD12 -> 0 | F31: =SUM(C31:E31) -> 0 | G31: =IF(F31>=500000,1,0) -> 0 | H31: =IF(G31=1,A31,0) -> 0
A32: ='1'!BE15 -> 185 | B32: ='1'!BE14 -> Услуги электросвязи | C32: ='1'!BE12 -> 0 | D32: ='2'!BE12 -> 0 | E32: ='3'!BE12 -> 0 | F32: =SUM(C32:E32) -> 0 | G32: =IF(F32>=500000,1,0) -> 0 | H32: =IF(G32=1,A32,0) -> 0
A33: ='1'!BF15 -> 107 | B33: ='1'!BF14 -> Резиновые изделия и услуги по их производству | C33: ='1'!BF12 -> 0 | D33: ='2'!BF12 -> 0 | E33: ='3'!BF12 -> 0 | F33: =SUM(C33:E33) -> 0 | G33: =IF(F33>=500000,1,0) -> 0 | H33: =IF(G33=1,A33,0) -> 0
A34: ='1'!BG15 -> 204 | B34: ='1'!BG14 -> Услуги в сфере обеспечения безопасности | C34: ='1'!BG12 -> 0 | D34: ='2'!BG12 -> 0 | E34: ='3'!BG12 -> 0 | F34: =SUM(C34:E34) -> 0 | G34: =IF(F34>=500000,1,0) -> 0 | H34: =IF(G34=1,A34,0) -> 0
A35: ='1'!BH15 -> 15 | B35: ='1'!BH14 -> Нефть и услуги, связанные с добычей нефти, продукты нефтепереработки | C35: ='1'!BH12 -> 0 | D35: ='2'!BH12 -> 0 | E35: ='3'!BH12 -> 0 | F35: =SUM(C35:E35) -> 0 | G35: =IF(F35>=500000,1,0) -> 0 | H35: =IF(G35=1,A35,0) -> 0
A36: ='1'!BI15 -> 42 | B36: ='1'!BI14 -> Полиграфические услуги | C36: ='1'!BI12 -> 0 | D36: ='2'!BI12 -> 0 | E36: ='3'!BI12 -> 0 | F36: =SUM(C36:E36) -> 0 | G36: =IF(F36>=500000,1,0) -> 0 | H36: =IF(G36=1,A36,0) -> 0
A37: ='1'!BJ15 -> 113 | B37: ='1'!BJ14 -> Строительные материалы и стоительные смеси | C37: ='1'!BJ12 -> 0 | D37: ='2'!BJ12 -> 0 | E37: ='3'!BJ12 -> 0 | F37: =SUM(C37:E37) -> 0 | G37: =IF(F37>=500000,1,0) -> 0 | H37: =IF(G37=1,A37,0) -> 0
A38: ='1'!BK15 -> 129 | B38: ='1'!BK14 -> Электрооборудование | C38: ='1'!BK12 -> 0 | D38: ='2'!BK12 -> 0 | E38: ='3'!BK12 -> 0 | F38: =SUM(C38:E38) -> 0 | G38: =IF(F38>=500000,1,0) -> 0 | H38: =IF(G38=1,A38,0) -> 0
A39: ='1'!BL15 -> 130 | B39: ='1'!BL14 -> Осветительное оборудование | C39: ='1'!BL12 -> 0 | D39: ='2'!BL12 -> 0 | E39: ='3'!BL12 -> 0 | F39: =SUM(C39:E39) -> 0 | G39: =IF(F39>=500000,1,0) -> 0 | H39: =IF(G39=1,A39,0) -> 0
A40: ='1'!BM15 -> 116 | B40: ='1'!BM14 -> Услуги по ремонту бытовых товаров и предметов личного пользования | C40: ='1'!BM12 -> 0 | D40: ='2'!BM12 -> 0 | E40: ='3'!BM12 -> 0 | F40: =SUM(C40:E40) -> 0 | G40: =IF(F40>=500000,1,0) -> 0 | H40: =IF(G40=1,A40,0) -> 0
A41: ='1'!BN15 -> 202 | B41: ='1'!BN14 -> Услуги в области рекламы | C41: ='1'!BN12 -> 0 | D41: ='2'!BN12 -> 10000 | E41: ='3'!BN12 -> 0 | F41: =SUM(C41:E41) -> 10000 | G41: =IF(F41>=500000,1,0) -> 0 | H41: =IF(G41=1,A41,0) -> 0
A42: ='1'!BO15 -> 199 | B42: ='1'!BO14 -> Юридические услуги и услуги в бласти коммерческой деятельности | C42: ='1'!BO12 -> 0 | D42: ='2'!BO12 -> 0 | E42: ='3'!BO12 -> 0 | F42: =SUM(C42:E42) -> 0 | G42: =IF(F42>=500000,1,0) -> 0 | H42: =IF(G42=1,A42,0) -> 0
A43: ='1'!BP15 -> 180 | B43: ='1'!BP14 -> Услуги транспорта | C43: ='1'!BP12 -> 0 | D43: ='2'!BP12 -> 0 | E43: ='3'!BP12 -> 0 | F43: =SUM(C43:E43) -> 0 | G43: =IF(F43>=500000,1,0) -> 0 | H43: =IF(G43=1,A43,0) -> 0
A44: ='1'!BQ15 -> 220 | B44: ='1'!BQ14 -> Жилищно-коммунальные услуги | C44: ='1'!BQ12 -> 0 | D44: ='2'!BQ12 -> 0 | E44: ='3'!BQ12 -> 0 | F44: =SUM(C44:E44) -> 0 | G44: =IF(F44>=500000,1,0) -> 0 | H44: =IF(G44=1,A44,0) -> 0
A45: ='1'!BR15 -> 155 | B45: ='1'!BR14 -> Автотранспорт, автозапчасти и аксессуары | C45: ='1'!BR12 -> 0 | D45: ='2'!BR12 -> 9675 | E45: ='3'!BR12 -> 0 | F45: =SUM(C45:E45) -> 9675 | G45: =IF(F45>=500000,1,0) -> 0 | H45: =IF(G45=1,A45,0) -> 0
A46: ='1'!BS15 -> 192 | B46: ='1'!BS14 -> Услуги, связанные с деятельностью по использованию компьютеров | C46: ='1'!BS12 -> 0 | D46: ='2'!BS12 -> 0 | E46: ='3'!BS12 -> 0 | F46: =SUM(C46:E46) -> 0 | G46: =IF(F46>=500000,1,0) -> 0 | H46: =IF(G46=1,A46,0) -> 0
A47: ='1'!BT15 -> 162 | B47: ='1'!BT14 -> Мебель и услуги в производстве мебели | C47: ='1'!BT12 -> 0 | D47: ='2'!BT12 -> 0 | E47: ='3'!BT12 -> 0 | F47: =SUM(C47:E47) -> 0 | G47: =IF(F47>=500000,1,0) -> 0 | H47: =IF(G47=1,A47,0) -> 0
A48: ='2'!BV15 -> 221 | B48: ='2'!BV14 -> Работы по строительству, реконструкции, кап.ремонту | C48: ='1'!BV12 -> 0 | D48: ='2'!BV12 -> 0 | E48: ='3'!BV12 -> 0 | F48: =SUM(C48:E48) -> 0 | G48: =IF(F48>=500000,1,0) -> 0 | H48: =IF(G48=1,A48,0) -> 0
A49: ='1'!BU15 -> 178 | B49: ='1'!BU14 -> Услуги гостиниц и обслуживания | C49: ='1'!BU12 -> 0 | D49: ='2'!BU12 -> 0 | E49: ='3'!BU12 -> 0 | F49: =SUM(C49:E49) -> 0 | G49: =IF(F49>=500000,1,0) -> 0 | H49: =IF(G49=1,A49,0) -> 0
A50: ='1'!BW15 -> 196 | B50: ='1'!BW14 -> Системные и прикладные программные средства | C50: ='1'!BW12 -> 0 | D50: ='2'!BW12 -> 0 | E50: ='3'!BW12 -> 0 | F50: =SUM(C50:E50) -> 0 | G50: =IF(F50>=500000,1,0) -> 0 | H50: =IF(G50=1,A50,0) -> 0
A51: ='1'!BX15 -> 33 | B51: ='1'!BX14 -> Одежда и услуги по производству | C51: ='1'!BX12 -> 0 | D51: ='2'!BX12 -> 0 | E51: ='3'!BX12 -> 0 | F51: =SUM(C51:E51) -> 0 | G51: =IF(F51>=500000,1,0) -> 0 | H51: =IF(G51=1,A51,0) -> 0
A52: ='1'!BY15 -> 109 | B52: ='1'!BY14 -> Стекло | C52: ='1'!BY12 -> 0 | D52: ='2'!BY12 -> 0 | E52: ='3'!BY12 -> 0 | F52: =SUM(C52:E52) -> 0 | G52: =IF(F52>=500000,1,0) -> 0 | H52: =IF(G52=1,A52,0) -> 0
A53: ='1'!BZ15 -> 119 | B53: ='1'!BZ14 -> Емкости и резервуары из металла | C53: ='1'!BZ12 -> 0 | D53: ='2'!BZ12 -> 0 | E53: ='3'!BZ12 -> 0 | F53: =SUM(C53:E53) -> 0 | G53: =IF(F53>=500000,1,0) -> 0 | H53: =IF(G53=1,A53,0) -> 0
A54: ='3'!CA15 -> 154 | B54: ='3'!CA14 -> Средства измерений | E54: ='3'!CA12 -> 0 | F54: =SUM(C54:E54) -> 0 | G54: =IF(F54>=500000,1,0) -> 0 | H54: =IF(G54=1,A54,0) -> 0
F55: =SUM(C55:E55) -> 0 | G55: =IF(F55>=500000,1,0) -> 0 | H55: =IF(G55=1,A55,0) -> 0
G56: =IF(F56>=500000,1,0) -> 0 | H56: =IF(G56=1,A56,0) -> 0
G57: =IF(F57>=500000,1,0) -> 0 | H57: =IF(G57=1,A57,0) -> 0
G58: =IF(F58>=500000,1,0) -> 0 | H58: =IF(G58=1,A58,0) -> 0
G59: =IF(F59>=500000,1,0) -> 0 | H59: =IF(G59=1,A59,0) -> 0
G60: =IF(F60>=500000,1,0) -> 0 | H60: =IF(G60=1,A60,0) -> 0
G61: =IF(F61>=500000,1,0) -> 0 | H61: =IF(G61=1,A61,0) -> 0
G62: =IF(F62>=500000,1,0) -> 0 | H62: =IF(G62=1,A62,0) -> 0
G63: =IF(F63>=500000,1,0) -> 0 | H63: =IF(G63=1,A63,0) -> 0
G64: =IF(F64>=500000,1,0) -> 0 | H64: =IF(G64=1,A64,0) -> 0
G65: =IF(F65>=500000,1,0) -> 0 | H65: =IF(G65=1,A65,0) -> 0
G66: =IF(F66>=500000,1,0) -> 0 | H66: =IF(G66=1,A66,0) -> 0
G67: =IF(F67>=500000,1,0) -> 0 | H67: =IF(G67=1,A67,0) -> 0
... G476: =IF(F476>=500000,1,0) -> 0 | H476: =IF(G476=1,A476,0) -> 0
F477: 500000 | G477: =IF(F477>=500000,1,0) -> 1 | H477: =IF(G477=1,A477,0) -> 0
G478: =IF(F478>=500000,1,0) -> 0 | H478: =IF(G478=1,A478,0) -> 0
G479: =IF(F479>=500000,1,0) -> 0 | H479: =IF(G479=1,A479,0) -> 0
G480: =IF(F480>=500000,1,0) -> 0 | H480: =IF(G480=1,A480,0) -> 0
G481: =IF(F481>=500000,1,0) -> 0 | H481: =IF(G481=1,A481,0) -> 0
G482: =IF(F482>=500000,1,0) -> 0 | H482: =IF(G482=1,A482,0) -> 0
G483: =IF(F483>=500000,1,0) -> 0 | H483: =IF(G483=1,A483,0) -> 0
G484: =IF(F484>=500000,1,0) -> 0 | H484: =IF(G484=1,A484,0) -> 0
G485: =IF(F485>=500000,1,0) -> 0 | H485: =IF(G485=1,A485,0) -> 0
G486: =IF(F486>=500000,1,0) -> 0 | H486: =IF(G486=1,A486,0) -> 0
G487: =IF(F487>=500000,1,0) -> 0 | H487: =IF(G487=1,A487,0) -> 0
G488: =IF(F488>=500000,1,0) -> 0 | H488: =IF(G488=1,A488,0) -> 0
G489: =IF(F489>=500000,1,0) -> 0 | H489: =IF(G489=1,A489,0) -> 0
... G491: =IF(F491>=500000,1,0) -> 0 | H491: =IF(G491=1,A491,0) -> 0

Sheet Лист3

Sheet Лист1
